Cogmind - Beta 11 X10 @@@ ROGUE MODE // 2022.02.06 @ 16:40:00 Player: Terminus Result: Heading to fleet! Performance ------------- Evolutions (9) 4500 Regions Visited (31) 6200 Robots Destroyed (518) 2590 Value Destroyed (30525) 30525 Prototype IDs (72) 1440 Alien Tech Used (13) 2600 Bonus (52358) 52358 TOTAL SCORE: 100213 Bonus ------- Triggered High Security 1000 High Alert Combat Kills 19421 Follower Combat Kills 3855 Met Data Miner 300 Met Imprinter 300 Was Imprinted 300 Met Zhirov 300 Built Enhanced Grunts 300 Met R17 at Cetus 500 Used Core Reset Matrix 3000 Scanned by Researcher 1000 Pursued by Intercept 500 Destroyed MAIN.C Guards 500 Met MAIN.C 5000 Destroyed MAIN.C Shell 5000 Destroyed MAIN.C 10000 Win 3000 Friendly Fire -1918 Cogmind --------- Core Integrity 1543/1600 Matter 425/425 Energy 1076/1090 System Corruption 0% Temperature Cool (9) Movement Walking (186) Ox1 Location To Fleet Rendezvous Parts ------- > --- POWER (3) -------- Zero-point Reactor Vortex Chain Reactor > --- PROPULSION (5) --- Enhanced Biometal Leg High-density Centrium Leg High-density Centrium Leg High-density Centrium Leg High-density Centrium Leg > --- UTILITY (14) ----- Experimental Cooling System Coolant Network High-capacity Storage Unit Experimental Targeting Computer Experimental Targeting Computer Advanced Particle Accelerator Quantum Capacitor Experimental Phase Shifter Zionite Shade Armor Heavy Regenerative Plating AEGIS Remote Shield > --- WEAPON (3) ------- Cooled Nova Cannon Sigix Shearcannon > --- INVENTORY (22) --- Zero-point Reactor Zero-point Reactor Vortex Chain Reactor Centrium Leg High-density Centrium Leg Experimental Cooling System Coolant Network Experimental Energy Well (600) Experimental Energy Well (600) Experimental Energy Well (600) Experimental Energy Well (600) Quantum Capacitor Centrium Medium Armor Plating Graphene Brace AEGIS Remote Shield Spacefold Activator Sigix Sheargun Sigix Shearcannon Peak State ------------ > --- POWER ------------ Singularity Reactor > --- PROPULSION ------- Enhanced Biometal Leg High-density Centrium Leg High-density Centrium Leg High-density Centrium Leg High-density Centrium Leg > --- UTILITY ---------- Experimental Cooling System Coolant Network High-capacity Storage Unit Experimental Targeting Computer Experimental Targeting Computer Quantum Capacitor Experimental Phase Shifter Zionite Shade Armor Heavy Regenerative Plating Beam Splitter AEGIS Remote Shield > --- WEAPON ----------- Cooled Nova Cannon Sigix Shearcannon > --- INVENTORY -------- Zero-point Reactor Zero-point Reactor Vortex Chain Reactor Centrium Leg High-density Centrium Leg Experimental Cooling System Coolant Network Experimental Energy Well Experimental Energy Well Experimental Energy Well Experimental Energy Well Quantum Capacitor Centrium Medium Armor Plating Graphene Brace AEGIS Remote Shield Spacefold Activator Sigix Sheargun Sigix Shearcannon [Rating: 253] Favorites ----------- Power Improved Quantum Reactor Engine Improved Deuterium Engine Power Core Micro Fission Core Reactor Improved Quantum Reactor Propulsion Flexi-carbon Leg Leg Flexi-carbon Leg Wheel Compact Wheel Hover Unit Gravmag System Utility Advanced Signal Interpreter Device Improved Cooling System Storage Large Storage Unit Processor Advanced Signal Interpreter Protection Centrium Medium Armor Plating Artifact Spacefold Activator Weapon Zionite Phaser-S Energy Gun Zionite Phaser-S Energy Cannon Ion Cannon Ballistic Gun Assault Rifle Launcher Long-range Missile Launcher Impact Weapon Core Stripper Slashing Weapon Axe Build | -11 -10 -10 -9 -9 -8 -7 -7 -7 -7 -6 -6 -6 -6 -6 -5 -5 -5 -5 -5 -4 -4 -4 -4 -3 -3 -3 -2 -2 -2 -1 -1 ------- Run | Scr Mat Min Mat Min Mat Fac Low Low Zio Pro Fac Low Low Dat Pro Fac Ext Cet Arc Fac Upp Upp Zhi Pro Res Qua Res Tes Sec Acc Com Slots Evolved 18 | . . . 2 . 2 2 . . . . 2 . . . . 2 . . . 2 . . . . 2 . 2 . . 2 . Power 2 | . . . . . . . . . . . 1 . . . . . . . . . . . . . 1 . . . . . . Propulsion 3 | . . . 1 . . . . . . . 1 . . . . . . . . 1 . . . . . . . . . . . Utility 12 | . . . 1 . 1 2 . . . . . . . . . 2 . . . 1 . . . . 1 . 2 . . 2 . Weapon 1 | . . . . . 1 . . . . . . . . . . . . . . . . . . . . . . . . . . Parts Attached 510 | 6 12 4 26 1 11 56 8 2 3 2 30 5 16 . 2 19 29 7 8 9 1 4 10 . 11 15 12 52 79 23 47 Power 57 | 1 1 1 3 . 1 5 2 . . . 4 . 2 . . 4 3 . . . 1 . 1 . 3 4 . 8 5 1 7 Engine 20 | 1 1 1 3 . 1 5 2 . . . 3 . 1 . . 2 . . . . . . . . . . . . . . . Core 8 | . . . . . . . . . . . . . . . . 2 3 . . . 1 . . . 2 . . . . . . Reactor 29 | . . . . . . . . . . . 1 . 1 . . . . . . . . . 1 . 1 4 . 8 5 1 7 Propulsion 88 | 2 3 1 12 1 1 12 . . . 1 4 1 1 . . 4 4 3 1 2 . . 4 . . 3 1 2 6 7 12 Treads . | . . . . . . . . . . . . . . . . . . . . . . . . . . . . . . . . Leg 84 | 2 3 1 12 1 1 8 . . . 1 4 1 1 . . 4 4 3 1 2 . . 4 . . 3 1 2 6 7 12 Wheel 1 | . . . . . . 1 . . . . . . . . . . . . . . . . . . . . . . . . . Hover 3 | . . . . . . 3 . . . . . . . . . . . . . . . . . . . . . . . . . Flight . | . . . . . . . . . . . . . . . . . . . . . . . . . . . . . . . . Utility 255 | 1 3 2 7 . 4 23 5 . . . 10 4 7 . . 6 16 3 3 2 . . 5 . 8 8 11 33 58 10 26 Device 173 | . 1 2 2 . 3 9 3 . . . 7 2 5 . . 4 11 1 3 1 . . 4 . 5 4 4 26 49 8 19 Storage 13 | 1 2 . 1 . 1 2 . . . . . . . . . 1 1 1 . . . . . . . . . 2 . . 1 Processor 15 | . . . . . . 3 . . . . 1 . . . . . . . . . . . . . 1 1 3 2 2 . 2 Hackware . | . . . . . . . . . . . . . . . . . . . . . . . . . . . . . . . . Protection 49 | . . . 4 . . 9 2 . . . 2 2 2 . . 1 4 1 . 1 . . 1 . 2 3 4 3 2 2 4 Artifact 5 | . . . . . . . . . . . . . . . . . . . . . . . . . . . . . 5 . . Weapon 110 | 2 5 . 4 . 5 16 1 2 3 1 12 . 6 . 2 5 6 1 4 5 . 4 . . . . . 9 10 5 2 Energy Gun 35 | 1 2 . . . . 1 . . . 1 5 . 5 . 1 2 2 . 2 4 . 2 . . . . . . 6 1 . Energy Cannon 58 | . 2 . 4 . 5 9 1 1 3 . 4 . 1 . . 3 3 1 2 1 . . . . . . . 8 4 4 2 Ballistic Gun 2 | 1 1 . . . . . . . . . . . . . . . . . . . . . . . . . . . . . . Ballistic Cannon . | . . . . . . . . . . . . . . . . . . . . . . . . . . . . . . . . Launcher 6 | . . . . . . 2 . . . . . . . . 1 . 1 . . . . 2 . . . . . . . . . Special Weapon . | . . . . . . . . . . . . . . . . . . . . . . . . . . . . . . . . Impact Weapon 1 | . . . . . . . . . . . . . . . . . . . . . . . . . . . . 1 . . . Slashing Weapon 8 | . . . . . . 4 . 1 . . 3 . . . . . . . . . . . . . . . . . . . . Piercing Weapon . | . . . . . . . . . . . . . . . . . . . . . . . . . . . . . . . . Special Melee Weapon . | . . . . . . . . . . . . . . . . . . . . . . . . . . . . . . . . Unidentified Prototypes 49 | . . . . . . . 1 . . . 4 . . . . . 2 3 . 1 . . 5 . 2 2 1 6 6 3 13 Corrupted Parts 2 | . . . . . . . . . . . . . . . . . . . 2 . . . . . . . . . . . . System Corruption 2 | . . . . . . . . . . . . . . . . . . . 2 . . . . . . . . . . . . Parts Lost 62 | . 1 . 2 . . 20 1 . . . 1 2 12 . . 4 2 . . . . . . . 3 1 . 7 5 . 1 Power 12 | . . . . . . 2 . . . . . . 3 . . 1 1 . . . . . . . 2 . . 1 2 . . Propulsion 11 | . . . . . . 7 . . . . . 1 2 . . 1 . . . . . . . . . . . . . . . Utility 22 | . . . 1 . . 7 1 . . . 1 . 3 . . 1 1 . . . . . . . 1 1 . 3 1 . 1 Weapon 17 | . 1 . 1 . . 4 . . . . . 1 4 . . 1 . . . . . . . . . . . 3 2 . . Highest Loss Streak 17 | . 1 . 1 . . 17 1 . . . 1 2 12 . . 4 1 . . . . . . . 2 1 . 4 3 . 1 To Critical Strikes 2 | . . . . . . . . . . . . . . . . . . . . . . . . . . . . . 2 . . Average Slot Usage (%) 92 | . 97 100 99 100 100 91 99 100 98 99 99 97 91 86 86 95 99 99 99 99 100 100 99 100 97 94 94 85 80 84 78 Engine 4 | . 14 14 11 11 9 6 7 7 7 7 12 13 6 . . 1 1 . . . . . . . . . . . . . . Core 1 | . . . . . . . . . . . . . . . . 8 9 11 11 10 10 10 8 5 7 . . . . . . Reactor 3 | . . . . . . . . . . . . . 3 6 6 . . . . . . . 1 5 5 12 13 12 8 12 8 Leg 23 | . 27 28 32 33 27 19 23 23 23 23 26 26 22 20 20 19 23 22 22 26 26 26 26 26 23 22 21 13 17 20 20 Device 19 | . 12 14 11 11 18 22 23 23 23 23 17 16 19 20 20 28 28 29 29 26 26 26 25 26 21 18 20 19 17 23 22 Storage 6 | . 14 14 11 11 9 6 7 7 7 7 6 6 6 6 6 5 5 5 5 5 5 5 5 5 4 4 4 4 4 4 4 Processor 8 | . . . . . . 10 7 7 7 7 12 13 13 13 13 11 5 5 5 5 5 5 5 5 8 9 9 15 17 16 11 Protection 6 | . . . 10 11 9 2 5 7 7 7 2 3 . . . . 4 5 5 9 10 10 10 10 9 9 11 6 4 4 8 Energy Gun 4 | . 3 . . . . . . . . 4 5 6 19 20 19 14 . . . 14 15 14 15 15 14 14 13 3 2 . . Energy Cannon 11 | . 22 28 21 22 27 16 23 20 21 17 10 10 . . . 2 16 17 16 . . . . . . . . 9 7 4 4 Naked Turns . | . . . . . . . . . . . . . . . . . . . . . . . . . . . . . . . . Heaviest Build 188 | 13 32 32 40 40 54 65 59 59 59 59 69 69 64 57 61 66 94 97 97 85 89 89 93 93 108 113 122 169 173 161 188 Greatest Support 162 | 20 20 20 33 33 38 60 60 60 60 60 84 88 88 64 64 80 89 105 105 132 132 132 146 146 146 146 143 160 162 157 161 Greatest Overweight (x) 11 | . 3 1 1 1 1 11 . . . . . . . . . 1 1 1 1 . . . . . . . . 1 1 1 1 Average Overweight (x) . | . . 1 1 1 1 . . . . . . . . . . . . . . . . . . . . . . . . . . Largest Inventory Capacity 22 | 8 15 15 15 15 15 15 15 15 15 15 15 15 15 15 15 15 20 20 20 20 20 20 20 20 20 20 20 20 22 22 22 Average Capacity 17 | 7 13 15 15 15 15 14 15 15 15 15 15 15 15 15 15 15 16 20 20 20 20 20 20 20 20 20 20 20 20 22 22 Most Carried 22 | 2 15 15 15 15 15 15 15 15 15 15 15 15 14 11 15 15 20 20 20 20 20 20 20 20 20 20 20 20 22 22 22 Average Carried 16 | . 10 14 14 15 14 12 14 15 15 14 14 14 10 11 13 14 15 19 20 19 19 20 19 20 19 19 19 19 19 21 21 Final Capacity 22 | 8 15 15 15 15 15 15 15 15 15 15 15 15 15 15 15 15 20 20 20 20 20 20 20 20 20 20 20 20 22 22 22 Final Carried 22 | 2 15 15 15 15 15 14 15 15 15 15 15 14 11 11 15 15 20 20 20 20 20 20 20 20 19 20 19 20 22 22 22 Class Distribution -------------------- 29% | Scavenger-Skirmisher 16% | Scavenger-Mutant 16% | Alien-Mutant 10% | Scavenger-Gunner 9% | Mutant 4% | Scavenger-Tank 3% | Generator-Gunner Dominant Class ---------------- Mutant | -10/Materials Mutant | -10/Mines Scavenger-Mutant | -9/Materials Scavenger-Mutant | -9/Mines Scavenger-Tank | -8/Materials Scavenger-Skirmisher | -7/Factory Scavenger-Gunner | -7/Lower Caves Scavenger-Gunner | -7/Lower Caves Scavenger-Gunner | -7/Zion Scavenger-Gunner | -6/Proximity Caves Scavenger-Mutant | -6/Factory Scavenger-Skirmisher | -6/Lower Caves Scavenger-Skirmisher | -6/Lower Caves Scavenger-Skirmisher | -6/Data Miner Scavenger-Skirmisher | -5/Proximity Caves Scavenger-Skirmisher | -5/Factory Scavenger-Skirmisher | -5/Extension Scavenger-Skirmisher | -5/Cetus Scavenger-Skirmisher | -5/Archives Scavenger-Skirmisher | -4/Factory Scavenger-Skirmisher | -4/Upper Caves Scavenger-Skirmisher | -4/Upper Caves Scavenger-Skirmisher | -4/Zhirov Scavenger-Skirmisher | -3/Proximity Caves Scavenger-Skirmisher | -3/Research Scavenger-Skirmisher | -3/Quarantine Scavenger-Skirmisher | -2/Research Generator-Skirmisher | -2/Testing Alien-Gunner | -2/Section 7 Alien-Skirmisher | -1/Access Alien-Mutant | -1/Command Resources | -11 -10 -10 -9 -9 -8 -7 -7 -7 -7 -6 -6 -6 -6 -6 -5 -5 -5 -5 -5 -4 -4 -4 -4 -3 -3 -3 -2 -2 -2 -1 -1 ----------- Run | Scr Mat Min Mat Min Mat Fac Low Low Zio Pro Fac Low Low Dat Pro Fac Ext Cet Arc Fac Upp Upp Zhi Pro Res Qua Res Tes Sec Acc Com Matter Collected 5762 | 190 217 40 245 10 100 480 200 36 49 20 227 63 117 . 60 186 325 70 80 90 10 130 . 43 97 190 . 670 1106 162 549 Remotely . | . . . . . . . . . . . . . . . . . . . . . . . . . . . . . . . . Salvage Created 36379 | . 661 149 1565 108 563 1376 419 41 . 23 736 109 676 . 114 187 678 . 186 328 102 89 . . 498 577 . 2349 6640 882 17323 Parts 894 | . 35 14 105 3 31 77 10 2 . 1 37 3 21 . 6 10 21 . 3 8 5 13 . . 20 45 . 84 174 27 139 Haulers Intercepted 19 | . 2 . 6 . 1 1 1 . . . 3 . . . . . . . . . . . . . . . . . 4 1 . Recyclers Shooed 16 | . . . 2 . . . . . . . 8 . . . . 1 3 . . 2 . . . . . . . . . . . Parts Field Recycled . | . . . . . . . . . . . . . . . . . . . . . . . . . . . . . . . . Retrieved Matter . | . . . . . . . . . . . . . . . . . . . . . . . . . . . . . . . . Parts Self-Destructed 86 | . . . . . . . 16 4 1 16 . 7 20 . 6 . . . . . 5 11 . . . . . . . . . Prevented 7 | . . . . . . . . 3 . 2 . . . . . . . . . . 2 . . . . . . . . . . Kills | -11 -10 -10 -9 -9 -8 -7 -7 -7 -7 -6 -6 -6 -6 -6 -5 -5 -5 -5 -5 -4 -4 -4 -4 -3 -3 -3 -2 -2 -2 -1 -1 ------- Run | Scr Mat Min Mat Min Mat Fac Low Low Zio Pro Fac Low Low Dat Pro Fac Ext Cet Arc Fac Upp Upp Zhi Pro Res Qua Res Tes Sec Acc Com Combat Hostiles Destroyed 452 | . 14 5 26 6 8 26 5 1 . 1 3 3 16 . 5 3 8 . 1 . 4 10 . . 6 10 . 21 70 9 191 Melee 3 | . . . . . . 3 . . . . . . . . . . . . . . . . . . . . . . . . . Guns 57 | . 10 . . . . . . . . 1 1 2 11 . 1 1 . . . . 4 1 . . 6 10 . 3 6 . . Cannons 358 | . 4 5 25 6 8 16 5 1 . . 2 1 3 . . 1 5 . 1 . . . . . . . . 16 60 8 191 AOE 22 | . . . . . . 7 . . . . . . . . 4 . 1 . . . . 9 . . . . . . . 1 . Classes Destroyed 29 | . 6 . 3 1 . 5 1 . . . 1 . . . 1 . . . 1 . . . . . . . . 3 7 . . Worker 15 | . 1 . . . . 1 . . . . . . . . . 1 . . . . . . . . . . . 1 1 1 9 Builder 3 | . . . . . . . . . . . 1 . . . . . 1 . . . . . . . . . . . 1 . . Tunneler 1 | . . . 1 . . . . . . . . . . . . . . . . . . . . . . . . . . . . Hauler 19 | . 2 . 6 . 1 1 1 . . . 3 . . . . . . . . . . . . . . . . . 4 1 . Recycler 20 | . 1 . 3 . . 4 . . . . 2 . . . . . 2 . . 2 . . . . . . . 2 1 . 3 Carrier 11 | . . . . . . . . . . . . . . . . . . . . . . . . . . . . . 1 . 10 Mechanic 5 | . . . . . . 1 . . . . . . . . . . . . . . . . . . . . . . . . 4 Operator 5 | . . . . . . . . . . . . . . . . . . . 3 . . . . . . . . 1 . 1 . Watcher 33 | . 1 . 4 . 4 5 . . . . 3 . . . . . 1 . . 1 . . . . . 2 . 3 3 2 4 Swarmer 66 | . 6 3 8 . . 4 . . . 1 . 2 9 . 4 1 . . . . 4 10 . . . 5 . . 1 2 6 Cutter 5 | . . . . . . 3 . . . . 2 . . . . . . . . . . . . . . . . . . . . Saboteur 12 | . . . . . . . . . . . . . . . . . . . . . . . . . . . . . 1 . 11 Grunt 133 | . 8 2 10 2 5 5 5 1 . . . 1 6 . . . 2 . . . . . . . . . . 1 20 1 64 Brawler 10 | . . . . . . . . . . . . . . . . . . . . . . . . . . . . . 2 . 8 Duelist 12 | . . . 1 . . . . . . . . . . . . . 1 . . . . . . . . . . . 2 . 8 Protector 21 | . . . . . . . . . . . . . . . . . . . . . . . . . . . . . 1 . 20 Researcher 5 | . . . . . . . . . . . . . . . . . . . . . . . . . . . . 1 4 . . Sentry 25 | . . . 7 . 3 . . . . . . . 1 . . . 4 . 1 . . . . . 3 . . . 4 1 1 Specialist 9 | . . . . . . 5 . . . . . . . . . . . . . . . . . . . . . . 1 . 3 Hunter 34 | . . . . . . 2 . . . . . . . . . . . . . . . . . . 2 2 . 10 6 2 10 Programmer 62 | . . . . . . 7 . . . . 1 . . . . 1 . . . . . . . . 1 3 . 8 13 3 25 Heavy 1 | . . . . . . . . . . . . . . . . . . . . . . . . . . . . . 1 . . Behemoth 8 | . . . . . . . . . . . . . . . 1 1 1 . . . . . . . . . . . 1 . 4 S7 Guard 1 | . . . . . . . . . . . . . . . . . . . . . . . . . . . . . 1 . . M Guard 2 | . . . . . . . . . . . . . . . . . . . . . . . . . . . . . . . 2 Tracker 5 | . . . . . . . . . . . . . . . . . . . . . . . . . . . . . 5 . . Combat Programmer 7 | . . . . . . . . . . . . . . . . . . . . . . . . . . . . . 5 . 2 Investigator 2 | . . . . . . . . . . . . . . . . . . . . . . . . . . . . . . . 2 Striker 13 | . . . . . . . . . . . . . . . . . . . . . . . . . . . . 1 2 . 10 Executioner 16 | . . . . . . . . . . . . . . . . . . . . . . . . . . . . . 2 . 14 Alpha 7 3 | . . . . . . . . . . . . . . . . . . . . . . . . . . . . . 2 . 1 Fortress 1 | . . . . . . . . . . . . . . . . . . . . . . . . . . . . 1 . . . Tinkerer 1 | . . . . . . . 1 . . . . . . . . . . . . . . . . . . . . . . . . Assembled 4 | . . . . 4 . . . . . . . . . . . . . . . . . . . . . . . . . . . Best Kill Streak 43 | . 4 3 4 2 3 8 4 1 . 1 2 1 16 . 4 2 4 . 4 2 4 5 . . 2 6 . 3 10 4 43 Combat Bots Only 37 | . 3 3 4 2 2 7 4 1 . 1 2 1 16 . 4 1 3 . 1 . 4 5 . . 2 6 . 2 8 3 37 Max Kills in Single Turn 4 | . 2 1 1 1 1 2 1 1 . 1 1 1 2 . 2 1 2 . 1 1 2 4 . . 1 1 . 2 2 2 4 Gunslinging 1 | . 1 . . . . . . . . . . . 1 . . . . . . . 1 . . . . . . . . . . Exploded 4 | . . . . . . 2 . . . . . . . . 2 . 1 . . . . 4 . . . . . . . 1 . Melee 1 | . . . . . . 1 . . . . . . . . . . . . . . . . . . . . . . . . . Uniques/NPCs Destroyed 2 | . . . . . . . . . . . . . . . . . . . . . . . . . . . . . . . 2 MAIN.C Shell (-1/Command) MAIN.C (-1/Command) Combat | -11 -10 -10 -9 -9 -8 -7 -7 -7 -7 -6 -6 -6 -6 -6 -5 -5 -5 -5 -5 -4 -4 -4 -4 -3 -3 -3 -2 -2 -2 -1 -1 -------- Run | Scr Mat Min Mat Min Mat Fac Low Low Zio Pro Fac Low Low Dat Pro Fac Ext Cet Arc Fac Upp Upp Zhi Pro Res Qua Res Tes Sec Acc Com Damage Taken 18550 | . 489 164 825 55 205 2810 205 103 . 16 339 686 1514 . 105 358 552 14 22 73 148 145 . 102 1428 264 . 2132 4421 84 1291 Core 2582 | . 107 52 47 . 24 615 13 . . . 43 105 237 . . 36 18 . . . 32 . . . 188 58 . 98 852 14 43 Absorbed by Shields 4837 | . . . . . . . . . . . . . . . . . . 13 . . . . . . . . . 208 3305 79 1232 Redirected to Shielding 491 | . . . . . . . . . . . . . . . . . . . . 22 17 33 . . 157 43 . 219 . . . Regen/Repaired (Parts) 826 | . 191 . 297 . . . . . . . . . . . . . . . . . . . . . . . . . . . 338 Core Remaining (%) 69 | 100 . 36 . 88 95 . . . . 10 . . . . 54 . . . 94 . . . . 97 . 75 . . 21 . 96 Volleys Fired 1021 | . 54 13 86 12 31 46 14 1 . 1 23 12 26 . 7 15 31 2 9 10 11 6 . . 39 33 4 78 179 45 233 Largest 3 | . 2 2 2 2 3 3 3 3 . 3 3 3 3 . 3 3 3 3 3 3 3 3 . . 3 3 1 3 3 2 1 Hottest 338 | . 120 120 136 136 204 200 200 200 . 209 220 220 230 . 219 271 276 276 286 180 180 163 . . 180 180 60 316 338 280 180 Shots Fired 2024 | . 108 26 172 24 93 113 43 5 . 3 53 22 73 . 15 45 81 6 23 30 33 8 . . 105 81 4 213 366 46 233 Gun 661 | . 64 . . . . 2 . . . 1 23 8 66 . 12 39 3 . . 30 33 2 . . 105 81 4 72 92 24 . Cannon 1345 | . 44 26 172 24 93 105 43 5 . 2 30 14 7 . . 6 75 6 23 . . . . . . . . 141 274 22 233 Launcher 18 | . . . . . . 6 . . . . . . . . 3 . 3 . . . . 6 . . . . . . . . . Special . | . . . . . . . . . . . . . . . . . . . . . . . . . . . . . . . . Kinetic 30 | . 30 . . . . . . . . . . . . . . . . . . . . . . . . . . . . . . Thermal 1214 | . 78 26 172 24 93 107 43 5 . 3 53 22 73 . 12 45 78 6 23 . . . . . . . . 141 198 7 5 Explosive 18 | . . . . . . 6 . . . . . . . . 3 . 3 . . . . 6 . . . . . . . . . Electromagnetic . | . . . . . . . . . . . . . . . . . . . . . . . . . . . . . . . . Slashing 435 | . . . . . . . . . . . . . . . . . . . . . . . . . . . . . 168 39 228 Phasic 327 | . . . . . . . . . . . . . . . . . . . . 30 33 2 . . 105 81 4 72 . . . Robot Hit Streak 68 | . 8 3 14 6 7 11 21 7 . 1 16 4 8 . 6 12 16 7 7 18 2 3 . . 14 16 . 11 54 19 68 Robot Miss Streak 6 | . 5 3 6 2 3 2 1 . . 1 5 3 5 . 1 3 2 1 2 4 3 1 . . 3 6 . 3 4 3 4 Penetration Max 1 | . . . . . . . . . . . . . . . . . . . . . . . . . . . . . 1 1 1 Secondary Targets 11 | . 2 . . . . . . . . . . . 5 . . 1 . . . . 2 . . . 1 . . . . . . Max Gunslinging Chain 1 | . 1 . . . . . . . . . . . 1 . . 1 . . . . 1 . . . 1 . . . . . . Capacitor 277 | . . . . . . . . . . . . . . . . . . . . . . . . . . . . . . 44 233 Shots Hit Robots 1317 | . 70 10 97 14 53 79 31 3 . 1 36 8 43 . 8 32 53 5 17 22 4 2 . . 50 29 . 114 276 36 224 Core Hits 1400 | . 26 5 47 8 18 60 14 2 . 1 21 5 23 . 9 11 23 2 6 6 4 11 . . 15 18 . 45 266 43 711 Critical Kills 5 | . . . 1 . . . . . . . . . 1 . . . . . . . . . . . . . . 1 2 . . Critical Parts Destroyed . | . . . . . . . . . . . . . . . . . . . . . . . . . . . . . . . . Critical Strikes 1207 | . . . 1 . . 1 . . . . . . 6 . . 4 . . . 2 . . . . 2 4 . 2 218 56 911 Burn 9 | . . . . . . . . . . . . . 5 . . 4 . . . . . . . . . . . . . . . Meltdown 5 | . . . 1 . . . . . . . . . 1 . . . . . . . . . . . . . . 1 2 . . Sever 1184 | . . . . . . 1 . . . . . . . . . . . . . . . . . . . . . . 216 56 911 Intensify 9 | . . . . . . . . . . . . . . . . . . . . 2 . . . . 2 4 . 1 . . . Melee Attacks 62 | . . . . . . 36 . 10 . . 15 . . . . . . . . . . . . . . . . 1 . . . Kinetic 1 | . . . . . . . . . . . . . . . . . . . . . . . . . . . . 1 . . . Impact . | . . . . . . . . . . . . . . . . . . . . . . . . . . . . . . . . Slashing 61 | . . . . . . 36 . 10 . . 15 . . . . . . . . . . . . . . . . . . . . Piercing . | . . . . . . . . . . . . . . . . . . . . . . . . . . . . . . . . Sneak Attacks 6 | . . . . . . 4 . . . . 2 . . . . . . . . . . . . . . . . . . . . Combat Hostiles . | . . . . . . . . . . . . . . . . . . . . . . . . . . . . . . . . Follow-up Attacks . | . . . . . . . . . . . . . . . . . . . . . . . . . . . . . . . . Damage Inflicted 92705 | . 979 216 2298 311 1232 4206 777 71 . 20 1159 257 1029 . 542 854 2204 185 574 627 165 1007 . . 1716 957 . 5078 17536 2806 45899 Guns 10288 | . 476 . . . . 20 . . . 20 325 109 852 . 198 692 45 . . 627 165 33 . . 1716 957 . 1167 2465 421 . Cannons 77040 | . 489 194 2162 298 1207 1623 777 71 . . 399 135 177 . . 161 1789 185 559 . . . . . . . . 3764 15017 2158 45875 Explosions 3567 | . . . . . . 1617 . . . . . . . . 332 . 357 . . . . 974 . . . . . 60 . 227 . Melee 1270 | . . . . . . 919 . . . . 351 . . . . . . . . . . . . . . . . . . . . Ramming 540 | . 14 22 136 13 25 27 . . . . 84 13 . . 12 1 13 . 15 . . . . . . . . 87 54 . 24 Kinetic 220 | . 220 . . . . . . . . . . . . . . . . . . . . . . . . . . . . . . Thermal 21986 | . 745 194 2162 298 1207 2436 777 71 . 20 724 244 1029 . 198 853 1834 185 559 . . . . . . . . 3824 4626 . . Explosive 2714 | . . . . . . 824 . . . . . . . . 332 . 357 . . . . 974 . . . . . . . 227 . Electromagnetic . | . . . . . . . . . . . . . . . . . . . . . . . . . . . . . . . . Impact . | . . . . . . . . . . . . . . . . . . . . . . . . . . . . . . . . Slashing 62580 | . . . . . . 919 . . . . 351 . . . . . . . . . . . . . . . . . 12856 2579 45875 Piercing . | . . . . . . . . . . . . . . . . . . . . . . . . . . . . . . . . Phasic 4665 | . . . . . . . . . . . . . . . . . . . . 627 165 33 . . 1716 957 . 1167 . . . Highest Corruption 6 | . . . . . . 6 6 6 6 . . . . . . . . . 2 . . . . . 1 1 . 3 4 . . Average Corruption 3 | . . . . . . 5 6 6 6 . . . . . . . . . 1 . . . . . 1 1 . 1 3 . . Corruption Purged 2 | . . . . . . . . . . . . . . . . . . . 2 . . . . . . . . . . . . Corruption Blocked 20 | . . . . . . . . . . . . . . . . . . . . . . . . . . . . . 20 . . Effects 138 | . . . . . . 21 12 23 . . . . . . . . . . . . . . . . 3 5 . 12 62 . . Message Errors 28 | . . . . . . 1 3 4 . . . . . . . . . . . . . . . . 1 2 . 2 15 . . Matter Fused 32 | . . . . . . 9 3 4 . . . . . . . . . . . . . . . . . . . 1 15 . . Heat Flow Errors 14 | . . . . . . 2 1 3 . . . . . . . . . . . . . . . . 1 2 . 1 4 . . Energy Discharges 21 | . . . . . . 3 . 5 . . . . . . . . . . . . . . . . . . . 3 10 . . Parts Rejected 2 | . . . . . . 1 1 . . . . . . . . . . . . . . . . . . . . . . . . Data Loss (minor) 17 | . . . . . . 2 3 1 . . . . . . . . . . . . . . . . 1 . . 1 9 . . Data Loss (major) 11 | . . . . . . 3 . 2 . . . . . . . . . . . . . . . . . 1 . 2 3 . . Misfires 5 | . . . . . . . 1 2 . . . . . . . . . . . . . . . . . . . 1 1 . . Alerts 4 | . . . . . . . . 2 . . . . . . . . . . . . . . . . . . . . 2 . . Weapon Failures 4 | . . . . . . . . . . . . . . . . . . . . . . . . . . . . 1 3 . . Overload Shots 5 | . . . . . . . . . . . . . . . . . . . . . . . . . . . . . . . 5 Overflow Damage 1308 | . . 14 5 1 25 451 24 . . . 81 . . . 9 . 47 . 36 . . 41 . . . . . 134 222 11 207 Projectiles 727 | . . 14 5 1 25 83 24 . . . . . . . . . 37 . 36 . . . . . . . . 62 222 11 207 Explosions 162 | . . . . . . 107 . . . . . . . . 4 . 10 . . . . 41 . . . . . . . . . Melee 419 | . . . . . . 261 . . . . 81 . . . 5 . . . . . . . . . . . . 72 . . . Knockbacks 1 | . . . . . . . . . . . . . . . . . 1 . . . . . . . . . . . . . . Impact 1 | . . . . . . . . . . . . . . . . . 1 . . . . . . . . . . . . . . Kinetic . | . . . . . . . . . . . . . . . . . . . . . . . . . . . . . . . . Secondary . | . . . . . . . . . . . . . . . . . . . . . . . . . . . . . . . . Self-Inflicted Damage 103 | . . . . . . 44 . . . . . . . . 28 . . . . . . 31 . . . . . . . . . Shots 5 | . . . . . . 3 . . . . . . . . 1 . . . . . . 1 . . . . . . . . . Rammed . | . . . . . . . . . . . . . . . . . . . . . . . . . . . . . . . . Targets Rammed 75 | 1 10 6 25 4 5 5 . . . . 7 1 . . 1 1 2 . 1 . . . . . . . . 1 2 . 3 Kicked 75 | 1 10 6 25 4 5 5 . . . . 7 1 . . 1 1 2 . 1 . . . . . . . . 1 2 . 3 Crushed . | . . . . . . . . . . . . . . . . . . . . . . . . . . . . . . . . Highest Temperature 463 | . 144 210 255 210 194 463 156 195 . 18 30 200 235 . 108 60 307 116 184 92 92 50 . . 130 . . 86 120 28 124 Average Temperature 62 | . 45 103 79 79 58 71 57 70 . 12 17 81 80 . 51 25 80 71 88 42 42 37 . . 34 . . 47 17 13 38 Received Heat Transfer 2300 | . 171 27 276 90 135 168 162 12 . . 9 108 504 . . 45 162 . . 9 . . . . 162 . . 49 139 . 72 Effects 4 | . . 1 1 . . 2 . . . . . . . . . . . . . . . . . . . . . . . . . Interference 4 | . . 1 1 . . 2 . . . . . . . . . . . . . . . . . . . . . . . . . Siege Activations . | . . . . . . . . . . . . . . . . . . . . . . . . . . . . . . . . Robots Corrupted . | . . . . . . . . . . . . . . . . . . . . . . . . . . . . . . . . Combat Hostiles . | . . . . . . . . . . . . . . . . . . . . . . . . . . . . . . . . Parts Fried 1 | . . . . . . . . . . . . . . . . . . . . . . . . . . . . . . . 1 Impact Corruptions 5 | . . . . . . . . . . . 1 . . . 3 . . . . . . . . . . . . 1 . . . Robots Melted 11 | . . . 1 . . . . . . . . . 2 . . 1 2 . . . . . . . . . . 1 4 . . Combat Hostiles 11 | . . . 1 . . . . . . . . . 2 . . 1 2 . . . . . . . . . . 1 4 . . Parts Melted 89 | . 1 1 9 . 1 3 5 . . . 3 . 9 . . 2 6 . 7 . . . . . . . . 13 28 . 1 Heat Transferred 33353 | . 1574 407 3848 518 1998 3018 1251 111 . 37 1260 435 2709 . 398 2148 2950 300 850 . . . . . . . . 4005 5536 . . Parts Sabotaged 1 | . . . . . . . . . . . . . . . . . . . . . . . . . . . . . 1 . . Parts Stolen 1 | . . . . . . . . . . . . 1 . . . . . . . . . . . . . . . . . . . Parts Stripped . | . . . . . . . . . . . . . . . . . . . . . . . . . . . . . . . . Power Chain Reactions . | . . . . . . . . . . . . . . . . . . . . . . . . . . . . . . . . Missiles Intercepted . | . . . . . . . . . . . . . . . . . . . . . . . . . . . . . . . . Alert | -11 -10 -10 -9 -9 -8 -7 -7 -7 -7 -6 -6 -6 -6 -6 -5 -5 -5 -5 -5 -4 -4 -4 -4 -3 -3 -3 -2 -2 -2 -1 -1 ------- Run | Scr Mat Min Mat Min Mat Fac Low Low Zio Pro Fac Low Low Dat Pro Fac Ext Cet Arc Fac Upp Upp Zhi Pro Res Qua Res Tes Sec Acc Com Peak Influence 5370 | . 365 143 475 222 218 359 . . . . 1078 . . . . 448 484 722 292 274 . . . . 149 259 128 517 2370 1946 5370 Initial 1421 | . . 8 . 118 . 47 . . . . 88 . . . . . 121 240 232 102 . . . . 9 . 99 72 290 1421 1244 Average 704 | . 122 49 315 62 68 183 . . . . 635 . . . . 152 313 485 278 189 . . . . 63 101 106 309 899 1670 3698 Maximum Alert Level 5 | . 1 . 2 1 1 1 . . . . 3 . . . . 2 2 3 1 1 . . . . . 1 . 2 5 5 5 Low Security (%) 35 | 100 78 100 12 96 94 47 . . . . 22 . . . . 58 20 . 2 41 . . . . 100 89 100 22 . . . Level 1 25 | . 21 . 79 3 5 52 . . . . 19 . . . . 29 45 43 97 58 . . . . . 10 . 51 12 . . Level 2 9 | . . . 7 . . . . . . . 5 . . . . 11 33 54 . . . . . . . . . 25 33 . . Level 3 5 | . . . . . . . . . . . 52 . . . . . . 2 . . . . . . . . . . 29 . . Level 4 3 | . . . . . . . . . . . . . . . . . . . . . . . . . . . . . 8 47 7 Level 5 12 | . . . . . . . . . . . . . . . . . . . . . . . . . . . . . 10 52 51 High Security 8 | . . . . . . . . . . . . . . . . . . . . . . . . . . . . . 5 . 40 Max Security . | . . . . . . . . . . . . . . . . . . . . . . . . . . . . . . . . Squads Dispatched 111 | . 3 . 4 1 1 10 . . . . 7 . 1 . . 1 1 . . . . . . . 3 1 . 7 28 7 36 Investigation 12 | . 3 . 1 1 1 3 . . . . 1 . 1 . . . 1 . . . . . . . . . . . . . . Extermination 18 | . . . . . . 3 . . . . 1 . . . . 1 . . . . . . . . 1 1 . 5 5 1 . Reinforcement 22 | . . . 3 . . 4 . . . . 5 . . . . . . . . . . . . . 2 . . 2 4 2 . Assault 46 | . . . . . . . . . . . . . . . . . . . . . . . . . . . . . 9 1 36 Garrison 6 | . . . . . . . . . . . . . . . . . . . . . . . . . . . . . 3 3 . Intercept 7 | . . . . . . . . . . . . . . . . . . . . . . . . . . . . . 7 . . Construction Impeded 1 | . . . . . . 1 . . . . . . . . . . . . . . . . . . . . . . . . . Haulers Reinforced 2 | . . . . . . . . . . . 2 . . . . . . . . . . . . . . . . . . . . Active Scanning Responses . | . . . . . . . . . . . . . . . . . . . . . . . . . . . . . . . . Cargo Convoy Interrupts 1 | . . . . . . 1 . . . . . . . . . . . . . . . . . . . . . . . . . Stealth | -11 -10 -10 -9 -9 -8 -7 -7 -7 -7 -6 -6 -6 -6 -6 -5 -5 -5 -5 -5 -4 -4 -4 -4 -3 -3 -3 -2 -2 -2 -1 -1 --------- Run | Scr Mat Min Mat Min Mat Fac Low Low Zio Pro Fac Low Low Dat Pro Fac Ext Cet Arc Fac Upp Upp Zhi Pro Res Qua Res Tes Sec Acc Com Distress Signals 35 | . 4 . 5 . 1 . . . . . 2 . . . . . 1 2 . 1 . . . . 2 . . . 1 . 16 Communications Jammed 62 | . . . . . . . . . . . . . . . . 1 1 . 1 . . . . . 9 1 . 1 22 2 24 Distress Signals 56 | . . . . . . . . . . . . . . . . 1 1 . 1 . . . . . 9 . . . 20 . 24 Times Spotted 720 | . 24 5 46 10 16 50 6 1 . 6 27 15 18 . 4 15 30 9 7 5 4 7 . 1 13 17 . 31 102 15 236 Peak Tracking Total 16 | . 6 3 5 2 2 10 5 1 . 3 5 9 13 . 4 4 8 5 1 2 3 5 . 1 6 3 . 2 10 4 16 Tactical Retreats 50 | . 3 . 3 1 . 6 1 1 . . 1 4 1 . . . . . . . 1 . . 1 . . . . 12 3 12 Traps | -11 -10 -10 -9 -9 -8 -7 -7 -7 -7 -6 -6 -6 -6 -6 -5 -5 -5 -5 -5 -4 -4 -4 -4 -3 -3 -3 -2 -2 -2 -1 -1 ------- Run | Scr Mat Min Mat Min Mat Fac Low Low Zio Pro Fac Low Low Dat Pro Fac Ext Cet Arc Fac Upp Upp Zhi Pro Res Qua Res Tes Sec Acc Com Traps Triggered 14 | . 2 . . . 2 1 . . . . . . . . . . 1 . . . . . . . 1 . . 2 . . 5 Indirectly . | . . . . . . . . . . . . . . . . . . . . . . . . . . . . . . . . Trap Hack Attempts . | . . . . . . . . . . . . . . . . . . . . . . . . . . . . . . . . Triggered . | . . . . . . . . . . . . . . . . . . . . . . . . . . . . . . . . Disarmed . | . . . . . . . . . . . . . . . . . . . . . . . . . . . . . . . . Reprogrammed . | . . . . . . . . . . . . . . . . . . . . . . . . . . . . . . . . Reused 4 | . . . . 3 . . . . . . . 1 . . . . . . . . . . . . . . . . . . . Traps Extracted . | . . . . . . . . . . . . . . . . . . . . . . . . . . . . . . . . Installed 5 | . . . . 4 . . . . . . . 1 . . . . . . . . . . . . . . . . . . . Triggered 11 | . . . . 2 . 6 . 1 . . . 1 . . . . . . . . 1 . . . . . . . . . . Machines | -11 -10 -10 -9 -9 -8 -7 -7 -7 -7 -6 -6 -6 -6 -6 -5 -5 -5 -5 -5 -4 -4 -4 -4 -3 -3 -3 -2 -2 -2 -1 -1 ---------- Run | Scr Mat Min Mat Min Mat Fac Low Low Zio Pro Fac Low Low Dat Pro Fac Ext Cet Arc Fac Upp Upp Zhi Pro Res Qua Res Tes Sec Acc Com Machines Disabled 94 | . . . . 1 3 4 1 . . . 23 . 1 . . 4 3 . 2 . . . . . 1 8 1 7 23 3 9 Max in Single Turn 4 | . . . . 1 1 4 1 . . . 1 . 1 . . . 1 . . . . . . . 1 1 1 2 1 1 2 Garrison Access 2 | . . . . . 1 . . . . . . . . . . 1 . . . . . . . . . . . . . . . Phase Generator 1 | . . . . . . . . . . . . . . . . . . . . . . . . . . . . . . . 1 Machines Sabotaged . | . . . . . . . . . . . . . . . . . . . . . . . . . . . . . . . . Garrisons Compromised 1 | . . . . . . 1 . . . . . . . . . . . . . . . . . . . . . . . . . Overloaded Fab Kills . | . . . . . . . . . . . . . . . . . . . . . . . . . . . . . . . . Hacking | -11 -10 -10 -9 -9 -8 -7 -7 -7 -7 -6 -6 -6 -6 -6 -5 -5 -5 -5 -5 -4 -4 -4 -4 -3 -3 -3 -2 -2 -2 -1 -1 --------- Run | Scr Mat Min Mat Min Mat Fac Low Low Zio Pro Fac Low Low Dat Pro Fac Ext Cet Arc Fac Upp Upp Zhi Pro Res Qua Res Tes Sec Acc Com Machines Accessed 47 | . 10 . 11 1 3 3 . . . . 2 . 2 4 . 1 . . . . . . 4 . 1 . 1 2 2 . . Terminals 27 | . 8 . 9 1 2 3 . . . . . . 1 . . . . . . . . . . . . . 1 . 2 . . Fabricators 2 | . . . . . . . . . . . 1 . . . . . . . . . . . . . . . . 1 . . . Repair Stations 4 | . 1 . 2 . . . . . . . . . . . . . . . . . . . . . . . . 1 . . . Recycling Units 1 | . 1 . . . . . . . . . . . . . . . . . . . . . . . . . . . . . . Scanalyzers . | . . . . . . . . . . . . . . . . . . . . . . . . . . . . . . . . Garrison Access 4 | . . . . . 1 . . . . . 1 . . . . 1 . . . . . . . . 1 . . . . . . Total Hacks 171 | . 35 . 45 7 10 9 . . . . 5 . 5 28 . 2 . . . . . . 17 . 1 . 1 3 3 . . Successful 118 | . 22 . 27 3 6 4 . . . . 1 . 5 28 . 1 . . . . . . 17 . . . 1 2 1 . . Failed 52 | . 13 . 17 4 4 5 . . . . 4 . . . . 1 . . . . . . . . 1 . . 1 2 . . Catastrophic 9 | . 1 . 2 1 . 2 . . . . 1 . . . . 1 . . . . . . . . . . . . 1 . . Database Lockouts 1 | . . . 1 . . . . . . . . . . . . . . . . . . . . . . . . . . . . Manual 163 | . 20 . 25 5 8 7 . . 1 . 18 . . . . 3 22 1 . . . . . . 6 11 11 5 2 13 5 Terminals 94 | . 27 . 34 7 9 9 . . . . . . 4 . . . . . . . . . . . . . 1 . 3 . . Fabricators 2 | . . . . . . . . . . . 1 . . . . . . . . . . . . . . . . 1 . . . Repair Stations 20 | . 7 . 11 . . . . . . . . . . . . . . . . . . . . . . . . 2 . . . Recycling Units 1 | . 1 . . . . . . . . . . . . . . . . . . . . . . . . . . . . . . Scanalyzers . | . . . . . . . . . . . . . . . . . . . . . . . . . . . . . . . . Garrison Access 8 | . . . . . 1 . . . . . 4 . . . . 2 . . . . . . . . 1 . . . . . . Terminal Hacks 78 | . 8 . 10 3 3 2 . . . . . . 5 28 . . . . . . . . 17 . . . 1 . 1 . . Record 20 | . . . . . . . . . . . . . 4 11 . . . . . . . . 5 . . . . . . . . Part Schematic 14 | . . . . . . . . . . . . . . 10 . . . . . . . . 4 . . . . . . . . Robot Schematic 4 | . . . . . . . . . . . . . . 4 . . . . . . . . . . . . . . . . . Robot Analysis 6 | . 1 . . . 1 . . . . . . . . . . . . . . . . . 4 . . . . . . . . Prototype ID Bank 12 | . . . 3 2 . . . . . . . . . 3 . . . . . . . . 4 . . . . . . . . Open Door 2 | . . . . . . . . . . . . . 1 . . . . . . . . . . . . . . . 1 . . Open DSF 1 | . . . . . . . . . . . . . . . . . . . . . . . . . . . 1 . . . . Branch Access Points 2 | . . . 1 . . 1 . . . . . . . . . . . . . . . . . . . . . . . . . Terminal Index 3 | . 1 . 1 . . 1 . . . . . . . . . . . . . . . . . . . . . . . . . Repair Station Index 2 | . 1 . 1 . . . . . . . . . . . . . . . . . . . . . . . . . . . . Alert Level 6 | . 2 . 2 1 1 . . . . . . . . . . . . . . . . . . . . . . . . . . Unreport Threat 2 | . 1 . 1 . . . . . . . . . . . . . . . . . . . . . . . . . . . . Recall Investigation 1 | . 1 . . . . . . . . . . . . . . . . . . . . . . . . . . . . . . Hauler Manifests 3 | . 1 . 1 . 1 . . . . . . . . . . . . . . . . . . . . . . . . . . Fabricator Hacks 1 | . . . . . . . . . . . . . . . . . . . . . . . . . . . . 1 . . . Network Status 1 | . . . . . . . . . . . . . . . . . . . . . . . . . . . . 1 . . . Repair Station Hacks 17 | . 6 . 10 . . . . . . . . . . . . . . . . . . . . . . . . 1 . . . Scan Component 9 | . 3 . 5 . . . . . . . . . . . . . . . . . . . . . . . . 1 . . . Repair 8 | . 3 . 5 . . . . . . . . . . . . . . . . . . . . . . . . . . . . Recycling Unit Hacks . | . . . . . . . . . . . . . . . . . . . . . . . . . . . . . . . . Scanalyzer . | . . . . . . . . . . . . . . . . . . . . . . . . . . . . . . . . Garrison Access Hacks 2 | . . . . . 1 . . . . . . . . . . 1 . . . . . . . . . . . . . . . Seal Access 2 | . . . . . 1 . . . . . . . . . . 1 . . . . . . . . . . . . . . . Unauthorized Hacks 20 | . 8 . 7 . 2 2 . . . . 1 . . . . . . . . . . . . . . . . . . . . Terminals 18 | . 7 . 7 . 2 2 . . . . . . . . . . . . . . . . . . . . . . . . . Botnet 17 | . 7 . 6 . 2 2 . . . . . . . . . . . . . . . . . . . . . . . . . Operators 1 | . . . 1 . . . . . . . . . . . . . . . . . . . . . . . . . . . . Fabricators 1 | . . . . . . . . . . . 1 . . . . . . . . . . . . . . . . . . . . Haulers 1 | . . . . . . . . . . . 1 . . . . . . . . . . . . . . . . . . . . Repair Stations . | . . . . . . . . . . . . . . . . . . . . . . . . . . . . . . . . Recycling Units 1 | . 1 . . . . . . . . . . . . . . . . . . . . . . . . . . . . . . Tunnel 1 | . 1 . . . . . . . . . . . . . . . . . . . . . . . . . . . . . . Scanalyzers . | . . . . . . . . . . . . . . . . . . . . . . . . . . . . . . . . Garrison Access . | . . . . . . . . . . . . . . . . . . . . . . . . . . . . . . . . Data Cores Recovered . | . . . . . . . . . . . . . . . . . . . . . . . . . . . . . . . . Used . | . . . . . . . . . . . . . . . . . . . . . . . . . . . . . . . . Hacking Detections 32 | . 9 . 11 1 2 3 . . . . 1 . 1 . . . . 1 . . . . . . 1 . . 1 1 . . Full Trace Events 5 | . . . 1 1 . 1 . . . . 1 . 1 . . . . . . . . . . . . . . . . . . Feedback Events . | . . . . . . . . . . . . . . . . . . . . . . . . . . . . . . . . Feedback Blocked . | . . . . . . . . . . . . . . . . . . . . . . . . . . . . . . . . Robot Schematics Acquired 7 | . . . . . . . . . 3 . . . . 4 . . . . . . . . . . . . . . . . . Robots Built . | . . . . . . . . . . . . . . . . . . . . . . . . . . . . . . . . Authchips . | . . . . . . . . . . . . . . . . . . . . . . . . . . . . . . . . Time . | . . . . . . . . . . . . . . . . . . . . . . . . . . . . . . . . Total Robot Build Rating . | . . . . . . . . . . . . . . . . . . . . . . . . . . . . . . . . Part Schematics Acquired 42 | . . . . . . . . . 14 . . . . 10 . . . . . . . . 4 . . . . 13 1 . . Parts Built . | . . . . . . . . . . . . . . . . . . . . . . . . . . . . . . . . Authchips . | . . . . . . . . . . . . . . . . . . . . . . . . . . . . . . . . Time . | . . . . . . . . . . . . . . . . . . . . . . . . . . . . . . . . Total Part Build Rating . | . . . . . . . . . . . . . . . . . . . . . . . . . . . . . . . . Parts Repaired 8 | . 3 . 5 . . . . . . . . . . . . . . . . . . . . . . . . . . . . Time 244 | . 78 . 166 . . . . . . . . . . . . . . . . . . . . . . . . . . . . Parts Recycled . | . . . . . . . . . . . . . . . . . . . . . . . . . . . . . . . . Recycled Matter . | . . . . . . . . . . . . . . . . . . . . . . . . . . . . . . . . Retrieved Matter . | . . . . . . . . . . . . . . . . . . . . . . . . . . . . . . . . Retrieved Components . | . . . . . . . . . . . . . . . . . . . . . . . . . . . . . . . . Parts Scanalyzed . | . . . . . . . . . . . . . . . . . . . . . . . . . . . . . . . . Part Schematics Acquired . | . . . . . . . . . . . . . . . . . . . . . . . . . . . . . . . . Parts Damaged . | . . . . . . . . . . . . . . . . . . . . . . . . . . . . . . . . Bothacking | -11 -10 -10 -9 -9 -8 -7 -7 -7 -7 -6 -6 -6 -6 -6 -5 -5 -5 -5 -5 -4 -4 -4 -4 -3 -3 -3 -2 -2 -2 -1 -1 ------------ Run | Scr Mat Min Mat Min Mat Fac Low Low Zio Pro Fac Low Low Dat Pro Fac Ext Cet Arc Fac Upp Upp Zhi Pro Res Qua Res Tes Sec Acc Com Used RIF Installer . | . . . . . . . . . . . . . . . . . . . . . . . . . . . . . . . . Robots Hacked . | . . . . . . . . . . . . . . . . . . . . . . . . . . . . . . . . Non-combat . | . . . . . . . . . . . . . . . . . . . . . . . . . . . . . . . . Combat . | . . . . . . . . . . . . . . . . . . . . . . . . . . . . . . . . Robot Hacks Applied . | . . . . . . . . . . . . . . . . . . . . . . . . . . . . . . . . Relay Couplers Released 7 | . . . . . . . . . . . 4 . . . . . . . . . . . . . . . . . . 3 . Programmers 7 | . . . . . . . . . . . 4 . . . . . . . . . . . . . . . . . . 3 . Fabnet Peak Effective % . | . . . . . . . . . . . . . . . . . . . . . . . . . . . . . . . . Robots Rewired 16 | . . . . . . . . . . . . . . . . . 16 . . . . . . . . . . . . . . Allies Hacked 1 | . . . . . . . . . . . . . . . . . . . . . . . . . . . . . . 1 . Hacks Repelled . | . . . . . . . . . . . . . . . . . . . . . . . . . . . . . . . . Allies | -11 -10 -10 -9 -9 -8 -7 -7 -7 -7 -6 -6 -6 -6 -6 -5 -5 -5 -5 -5 -4 -4 -4 -4 -3 -3 -3 -2 -2 -2 -1 -1 -------- Run | Scr Mat Min Mat Min Mat Fac Low Low Zio Pro Fac Low Low Dat Pro Fac Ext Cet Arc Fac Upp Upp Zhi Pro Res Qua Res Tes Sec Acc Com Total Allies 62 | . . 2 . 3 . . . . 6 . 5 . . . 1 2 34 5 . . . . . . 2 . . . . 2 . Largest Group 17 | . . 2 2 3 . . . . 6 6 9 . . . 1 2 17 17 11 3 1 . . . 2 . . . . 2 . Highest-Rated Group 920 | . . 49 49 40 . . . . 352 352 481 . . . 96 170 647 920 570 219 89 . . . 162 . . . . 300 . Highest-Rated Ally 269 | . . 31 31 16 . . . . 96 96 96 . . . 96 96 159 159 159 91 89 . . . 81 . . . . 269 . Zionite Dispatches 9 | . . . . . . . . . . . 2 . . . . 1 3 . . . . . . . 1 . . . . 2 . Heavy 3 | . . . . . . . . . . . 1 . . . . 1 1 . . . . . . . . . . . . . . Light 1 | . . . . . . . . . . . . . . . . . 1 . . . . . . . . . . . . . . Fire 1 | . . . . . . . . . . . 1 . . . . . . . . . . . . . . . . . . . . Hacker 1 | . . . . . . . . . . . . . . . . . . . . . . . . . 1 . . . . . . Experimental 1 | . . . . . . . . . . . . . . . . . . . . . . . . . . . . . . 1 . Thermal Resupply 1 | . . . . . . . . . . . . . . . . . 1 . . . . . . . . . . . . . . Zionite Resupply 1 | . . . . . . . . . . . . . . . . . . . . . . . . . . . . . . 1 . Total Orders 2 | . . . . . . . . . . . . . . . . . 1 . . . . . . . . . . . . 1 . DROP 2 | . . . . . . . . . . . . . . . . . 1 . . . . . . . . . . . . 1 . Ally Attacks 542 | . . . 23 22 . . . . . 19 86 . . . 11 27 196 73 45 18 3 . . . 6 . . . . 13 . Total Damage 16480 | . . . 369 173 . . . . . 810 3425 . . . 296 1482 4401 2236 1483 729 43 . . . 109 . . . . 924 . Kills 115 | . . . 5 8 . . . . . 7 22 . . . . 11 26 19 4 5 . . . . . . . . . 8 . Allies Corrupted 1 | . . . . . . . . . . . . . . . . . . . . . . . . . . . . . . 1 . Allies Melted . | . . . . . . . . . . . . . . . . . . . . . . . . . . . . . . . . Intel | -11 -10 -10 -9 -9 -8 -7 -7 -7 -7 -6 -6 -6 -6 -6 -5 -5 -5 -5 -5 -4 -4 -4 -4 -3 -3 -3 -2 -2 -2 -1 -1 ------- Run | Scr Mat Min Mat Min Mat Fac Low Low Zio Pro Fac Low Low Dat Pro Fac Ext Cet Arc Fac Upp Upp Zhi Pro Res Qua Res Tes Sec Acc Com Robot Analysis Total 6 | . 1 . . . 1 . . . . . . . . . . . . . . . . . 4 . . . . . . . . Derelict Logs Recovered 15 | . . 1 . 1 . . 2 . 2 2 . . 1 . 2 . . . . . 3 1 . . . . . . . . . Drone Launches . | . . . . . . . . . . . . . . . . . . . . . . . . . . . . . . . . Drone Recoveries . | . . . . . . . . . . . . . . . . . . . . . . . . . . . . . . . . Zionite Intel Received 14 | . . . . . . . . . . . 2 . . . . . 3 . . . . . . . 1 3 2 1 . 1 1 Main Access 1 | . . . . . . . . . . . . . . . . . . . . . . . . . . . 1 . . . . Branch Access 1 | . . . . . . . . . . . . . . . . . . . . . . . . . 1 . . . . . . Emergency Access 1 | . . . . . . . . . . . . . . . . . . . . . . . . . . . 1 . . . . Guard Positions 1 | . . . . . . . . . . . 1 . . . . . . . . . . . . . . . . . . . . Component Stockpiles 1 | . . . . . . . . . . . . . . . . . . . . . . . . . . 1 . . . . . Prototype Stockpiles 1 | . . . . . . . . . . . . . . . . . 1 . . . . . . . . . . . . . . Component Schematics 1 | . . . . . . . . . . . . . . . . . . . . . . . . . . . . 1 . . . Unaware Analyses 2 | . . . . . . . . . . . . . . . . . . . . . . . . . . 1 . . . 1 . Trap Installations 1 | . . . . . . . . . . . 1 . . . . . . . . . . . . . . . . . . . . Active Garrisons 1 | . . . . . . . . . . . . . . . . . . . . . . . . . . . . . . . 1 Depthwide Sectors/0 2 | . . . . . . . . . . . . . . . . . 1 . . . . . . . . 1 . . . . . Depthwide Sectors/-1 1 | . . . . . . . . . . . . . . . . . 1 . . . . . . . . . . . . . . Exploration | -11 -10 -10 -9 -9 -8 -7 -7 -7 -7 -6 -6 -6 -6 -6 -5 -5 -5 -5 -5 -4 -4 -4 -4 -3 -3 -3 -2 -2 -2 -1 -1 ------------- Run | Scr Mat Min Mat Min Mat Fac Low Low Zio Pro Fac Low Low Dat Pro Fac Ext Cet Arc Fac Upp Upp Zhi Pro Res Qua Res Tes Sec Acc Com Turns Passed 31601 | 72 1338 936 2560 1089 1273 1749 521 746 1304 538 995 381 989 90 645 431 1394 511 373 202 781 443 201 343 904 986 308 1564 2497 623 4814 Spaces Moved 16632 | 55 552 459 971 493 549 798 363 526 1049 404 544 274 500 80 501 271 743 186 77 102 581 288 152 257 545 699 243 836 1170 399 1965 Core 25 | 9 . . . . . 16 . . . . . . . . . . . . . . . . . . . . . . . . . Treads . | . . . . . . . . . . . . . . . . . . . . . . . . . . . . . . . . Legs 16519 | 46 552 459 971 493 549 730 363 526 1049 404 544 274 500 80 501 271 743 186 77 102 581 288 152 257 545 699 243 836 1134 399 1965 Wheels 34 | . . . . . . 34 . . . . . . . . . . . . . . . . . . . . . . . . . Hover 18 | . . . . . . 18 . . . . . . . . . . . . . . . . . . . . . . . . . Flight . | . . . . . . . . . . . . . . . . . . . . . . . . . . . . . . . . Fastest Speed 50 | 50 120 190 190 190 190 50 120 120 120 120 117 115 113 113 113 113 117 117 117 116 116 116 116 120 120 114 114 103 113 114 110 Average Speed 140 | 108 172 190 190 190 190 155 120 120 120 120 117 116 113 113 113 117 132 169 118 116 116 116 117 120 120 116 114 110 140 122 165 Slowest Speed 600 | 120 330 190 190 190 190 600 120 120 120 120 120 117 115 113 113 203 194 194 196 116 116 116 120 120 120 120 114 179 186 190 194 Overloaded Moves . | . . . . . . . . . . . . . . . . . . . . . . . . . . . . . . . . Propulsion Burnouts . | . . . . . . . . . . . . . . . . . . . . . . . . . . . . . . . . Robots Hopped . | . . . . . . . . . . . . . . . . . . . . . . . . . . . . . . . . Cave-ins Triggered . | . . . . . . . . . . . . . . . . . . . . . . . . . . . . . . . . Teleports 3 | . . . . . . . . . . . . . . . . . . . . . . . . . 1 . . 1 1 . . Spacefolds 12 | . . . . . . . . . . . . . . . . . . . . . . . . . . . . . 12 . . Exploration Rate (%) 54 | 4 83 98 90 97 45 22 55 55 86 57 15 53 56 69 64 9 86 58 73 2 65 46 60 40 20 84 7 81 80 11 76 Regions Visited 31 Branch Regions 21 Pre-discovered Areas 25 | . 1 . . 1 . . . . 1 1 . . . 1 . . 14 . . . . . 3 . . 3 . . . . . Known Exits Taken 23 | . . . 1 . . 1 . . . 1 1 1 1 1 1 1 1 1 1 1 1 1 1 1 1 1 1 1 1 1 . Unknown Exits Taken 8 | 1 1 1 . 1 1 . 1 1 1 . . . . . . . . . . . . . . . . . . . . . . Scrap Searched 22 | . . 1 . 2 . . 3 1 3 1 . . 2 . 3 . . . . . 4 . . 2 . . . . . . . Spaces Dug 204 | . . . . . . 28 . 10 . . 10 4 . . . . 1 . . . 24 32 . . 32 11 3 9 17 7 16 Terrain Destroyed 817 | . . . . . 5 92 . 10 . . 10 7 . . 53 2 38 . 1 9 28 95 . . 48 40 3 72 90 16 198 Melee 35 | . . . . . . 15 . 10 . . 10 . . . . . . . . . . . . . . . . . . . . Projectile 442 | . . . . . 5 . . . . . . 7 . . . 2 10 . 1 9 28 1 . . 48 40 3 68 81 7 132 AOE 314 | . . . . . . 77 . . . . . . . . 53 . 28 . . . . 94 . . . . . 4 . 8 50 Terrain Rammed . | . . . . . . . . . . . . . . . . . . . . . . . . . . . . . . . . Walls Destroyed . | . . . . . . . . . . . . . . . . . . . . . . . . . . . . . . . . Machines Disabled . | . . . . . . . . . . . . . . . . . . . . . . . . . . . . . . . . Actions | -11 -10 -10 -9 -9 -8 -7 -7 -7 -7 -6 -6 -6 -6 -6 -5 -5 -5 -5 -5 -4 -4 -4 -4 -3 -3 -3 -2 -2 -2 -1 -1 --------- Run | Scr Mat Min Mat Min Mat Fac Low Low Zio Pro Fac Low Low Dat Pro Fac Ext Cet Arc Fac Upp Upp Zhi Pro Res Qua Res Tes Sec Acc Com Total 23396 | 64 836 495 1506 620 717 1139 416 621 1095 457 837 314 859 79 566 349 1112 385 342 167 668 388 179 291 736 813 269 1304 1696 541 3535 Wait 4383 | 1 170 6 355 104 94 156 20 81 39 45 181 22 314 . 50 22 119 171 246 41 74 91 . 35 125 39 1 294 227 45 1215 Move 16577 | 54 551 458 970 492 548 797 362 525 1048 403 543 273 499 79 500 270 742 185 76 101 580 287 151 256 544 698 242 835 1146 398 1964 Hop . | . . . . . . . . . . . . . . . . . . . . . . . . . . . . . . . . Pick Up 249 | 2 24 2 17 1 11 23 6 1 1 2 13 . 4 . 5 12 23 8 . 2 1 . 4 . 7 12 2 16 24 7 19 Fast Attach 161 | 6 4 . 6 . 1 17 2 . 3 1 11 . 3 . . 6 7 2 5 2 . . 8 . 1 4 7 9 25 4 27 Attach 96 | . 1 . 4 . 2 17 1 . . . 3 1 9 . . 6 2 . . 2 . . . . 6 4 3 11 13 6 5 Detach 17 | . . . . . . 3 . . . . . . . . . 1 . . . . . . . . . . . 3 3 5 2 Swap 268 | . 7 4 16 1 8 22 5 2 . 1 16 4 4 . 2 7 20 5 3 5 1 4 3 . 5 8 2 33 51 14 15 Drop 347 | . 15 6 27 2 17 17 5 1 4 4 25 . . . 1 9 31 12 2 4 1 . 13 . 9 15 8 23 27 17 52 Fire 1021 | . 54 13 86 12 31 46 14 1 . 1 23 12 26 . 7 15 31 2 9 10 11 6 . . 39 33 4 78 179 45 233 Melee 62 | . . . . . . 36 . 10 . . 15 . . . . . . . . . . . . . . . . 1 . . . Ram . | . . . . . . . . . . . . . . . . . . . . . . . . . . . . . . . . Kick 74 | 1 10 6 25 4 5 5 . . . . 7 1 . . 1 1 2 . 1 . . . . . . . . 1 1 . 3 Crush . | . . . . . . . . . . . . . . . . . . . . . . . . . . . . . . . . Escape Stasis 10 | . . . . . . . . . . . . . . . . . 10 . . . . . . . . . . . . . . Rewire 126 | . . . . . . . 1 . . . . . . . . . 125 . . . . . . . . . . . . . . Trap 5 | . . . . 4 . . . . . . . 1 . . . . . . . . . . . . . . . . . . . Miscellaneous . | . . . . . . . . . . . . . . . . . . . . . . . . . . . . . . . . Route ------- -11/Scrapyard -10/Materials (discovered 2 exits: *Mat / [*Min]) -10/Mines (discovered 3 exits: *Mat x2 / [*Exi]) -9/Materials (discovered 7 exits: *Mat x3 / *Min x2 / *Sto x2) -9/Mines (discovered 2 exits: *Mat x2) -8/Materials -7/Factory (discovered 3 exits: *Fac / *Low x2) -7/Lower Caves -7/Lower Caves -7/Zion -6/Proximity Caves -6/Factory (discovered 3 exits: *Fac x2 / *Low) -6/Lower Caves -6/Lower Caves (discovered 2 exits: *Fac / *Dat) -6/Data Miner -5/Proximity Caves -5/Factory -5/Extension (discovered 2 exits: *Fac / *Cet) -5/Cetus (discovered 2 exits: *Fac / *Arc) -5/Archives (discovered 2 exits: *Fac / [*Hub]) -4/Factory (discovered 2 exits: *Upp / Arm) -4/Upper Caves -4/Upper Caves -4/Zhirov -3/Proximity Caves -3/Research (discovered 3 exits: Res / *Qua x2) -3/Quarantine -2/Research (discovered 5 exits: Acc x3 / *Tes / DSF) -2/Testing (discovered 2 exits: Acc / *Sec) -2/Section 7 -1/Access -1/Command To Fleet Rendezvous History --------- Turn | Location | Event 4 | -11/Scrapyard | Discovered new exit (range 15) 73 | -11/Scrapyard | Entered Materials 324 | -10/Materials | Build established: Mutant 423 | -10/Materials | Discovered new exit (range 16) 619 | -10/Materials | Discovered new exit (range 12) 1214 | -10/Materials | Repaired Aluminum Leg 1241 | -10/Materials | Repaired Aluminum Leg 1268 | -10/Materials | Repaired Aluminum Leg 1411 | -10/Materials | Entered Mines 1418 | -10/Mines | Core integrity fell below 50% 1567 | -10/Mines | Discovered new exit (range 6) 1599 | -10/Mines | Discovered new exit (range 10) 1873 | -10/Mines | Learned Materials emergency access door positions 1932 | -10/Mines | Received a Rocket Launcher from a helpful Derelict 2306 | -10/Mines | Deemed a non-threat by the Exiles lab entrance 2306 | -10/Mines | Discovered new exit (range 5) 2347 | -10/Mines | Entered Materials 2347 | -9/Materials | Accompanied by 2 allies 2347 | -9/Materials | Evolved 2 slots: Propulsion x1, Utility x1 2352 | -9/Materials | Led the pair of lost Derelicts to an unsafe place 2610 | -9/Materials | Discovered new exit (range 16) 2651 | -9/Materials | Central database locked down 2655 | -9/Materials | Build established: Scavenger-Mutant 3621 | -9/Materials | Repaired Imp. Aluminum Leg 3745 | -9/Materials | Discovered new exit (range 15) 3936 | -9/Materials | Discovered new exit (range 8) 3973 | -9/Materials | Discovered new exit (range 9) 4124 | -9/Materials | Repaired Particle Cannon 4164 | -9/Materials | Repaired Reflective Plating 4191 | -9/Materials | Repaired Aluminum Leg 4231 | -9/Materials | Repaired Imp. Heat Sink 4436 | -9/Materials | Discovered new exit (range 16) 4631 | -9/Materials | Discovered new exit (range 15) 4675 | -9/Materials | Identified exit to Mines 4675 | -9/Materials | Identified exit to Storage 4907 | -9/Materials | Entered Mines 4953 | -9/Mines | Assisted by bots powering up and referring to "LRC-V3" 5293 | -9/Mines | Found a hidden stash of uninstalled traps 5316 | -9/Mines | Assembled infested the area 5321 | -9/Mines | Assisted by a Guerilla fighting off Assembled 5544 | -9/Mines | Learned location of Storage (-9) 5580 | -9/Mines | Discovered new exit (range 9) 5768 | -9/Mines | Discovered new exit (range 13) 5996 | -9/Mines | Entered Materials 5996 | -8/Materials | Evolved 2 slots: Utility x1, Weapon x1 6284 | -8/Materials | Build established: Scavenger-Tank 6954 | -8/Materials | Discovered new exit (range 5) 7269 | -8/Materials | Entered Factory 7269 | -7/Factory | Evolved 2 slots: Utility x2 7543 | -7/Factory | Discovered new exit (range 16) 7563 | -7/Factory | Build established: Scavenger-Skirmisher 7579 | -7/Factory | Identified exit to Factory 7706 | -7/Factory | Identified exit to Lower Caves 8129 | -7/Factory | Cargo convoy interrupted 8168 | -7/Factory | Core integrity fell below 50% 8184 | -7/Factory | Destroyed 7 combat bots 8245 | -7/Factory | Lost 17 parts (1p6n6u4w) 8409 | -7/Factory | Lost 3 parts (1p1n1u) 8966 | -7/Factory | Core integrity fell below 20% 8999 | -7/Factory | Assembled infested ambush trap array 9018 | -7/Factory | Entered Lower Caves 9310 | -7/Lower Caves | Learned Factory emergency access door positions 9323 | -7/Lower Caves | Build established: Scavenger-Gunner 9331 | -7/Lower Caves | Learned Factory emergency access door positions 9463 | -7/Lower Caves | Discovered new exit (range 7) 9470 | -7/Lower Caves | Encountered a Warlord checkpoint 9539 | -7/Lower Caves | Entered another Lower Caves area 10001 | -7/Lower Caves | Spotted B-75 Beast 10197 | -7/Lower Caves | Discovered new exit (range 6) 10285 | -7/Lower Caves | Entered Zion 10301 | -7/Zion | Given A8's code to call for help 10322 | -7/Zion | System corruption cleaned by Quarantine Array 10417 | -7/Zion | Discovered new exit (range 15) 10499 | -7/Zion | Learned location of 1 exit from Factory 10597 | -7/Zion | Acquired unknown access codes intercepted by a Zionite 10888 | -7/Zion | Learned Factory stockpile data 11014 | -7/Zion | Received a visual enhancement algorithm 11220 | -7/Zion | Imprinted 11222 | -7/Zion | Declared Zion's savior 11374 | -7/Zion | Enhanced Grunt warped into view, answering call for help 11386 | -7/Zion | Enhanced Grunt warped into view, answering call for help 11589 | -7/Zion | Entered Proximity Caves 11589 | -6/Proximity Caves | Accompanied by 6 allies 11601 | -6/Proximity Caves | Spotted B-75 Beast 11603 | -6/Proximity Caves | Allies destroyed B-75 Beast 11667 | -6/Proximity Caves | Learned Factory garrison access intel 11978 | -6/Proximity Caves | Discovered exit to Factory (range 11) 12127 | -6/Proximity Caves | Entered Factory 12127 | -6/Factory | Accompanied by 5 allies 12127 | -6/Factory | Evolved 2 slots: Power x1, Propulsion x1 12128 | -6/Factory | Identified exit to Factory 12131 | -6/Factory | Loaded intel: 4 garrison access locations 12169 | -6/Factory | Zion Heavy squad teleported in 12343 | -6/Factory | Retrieved Zion intel report: Guard Positions 12523 | -6/Factory | Retrieved Zion intel report: Trap Installations 12524 | -6/Factory | Zion Fire squad teleported in 12587 | -6/Factory | P-70 Sage assimilated allied 18-5BM(i) 12699 | -6/Factory | Discovered exit to Factory (range 5) 13097 | -6/Factory | Discovered new exit (range 15) 13120 | -6/Factory | Identified exit to Lower Caves 13122 | -6/Factory | Entered Lower Caves 13317 | -6/Lower Caves | Attracted the attention of an 0b10 outpost 13442 | -6/Lower Caves | Spotted B-75 Beast 13471 | -6/Lower Caves | Phase Cannon stolen by Master Thief 13486 | -6/Lower Caves | Discovered new exit (range 15) 13502 | -6/Lower Caves | Identified exit to Lower Caves 13503 | -6/Lower Caves | Entered another Lower Caves area 13656 | -6/Lower Caves | Discovered exit to Factory (range 15) 13803 | -6/Lower Caves | Build established: Scavenger-Skirmisher 13945 | -6/Lower Caves | Attracted the attention of an 0b10 base 14030 | -6/Lower Caves | Lost 12 parts (3p2n3u4w) 14045 | -6/Lower Caves | Destroyed 16 combat bots 14082 | -6/Lower Caves | Learned location of 1 exit from Proximity Caves 14082 | -6/Lower Caves | Learned Research security intel 14082 | -6/Lower Caves | Learned Extension garrison access intel 14090 | -6/Lower Caves | Learned Factory emergency access door positions 14404 | -6/Lower Caves | Discovered new exit (range 14) 14451 | -6/Lower Caves | Found Prototype Device 14491 | -6/Lower Caves | Identified exit to Data Miner 14492 | -6/Lower Caves | Entered Data Miner 14492 | -6/Data Miner | Discovered new exit (range 6) 14514 | -6/Data Miner | Met Data Miner 14539 | -6/Data Miner | Learned location of Section 7 (-2) 14539 | -6/Data Miner | Acquired the access code to Warlord's prototype stash 14555 | -6/Data Miner | Received God Mode back door access code from Data Miner 14581 | -6/Data Miner | Identified exit to Proximity Caves 14582 | -6/Data Miner | Entered Proximity Caves 14642 | -5/Proximity Caves | Escorted by Enhanced Grunt 14839 | -5/Proximity Caves | Learned Factory emergency access door positions 14952 | -5/Proximity Caves | Spotted B-75 Beast 14965 | -5/Proximity Caves | Destroyed B-75 Beast 15227 | -5/Proximity Caves | Entered Factory 15227 | -5/Factory | Accompanied by 1 ally 15227 | -5/Factory | Evolved 2 slots: Utility x2 15298 | -5/Factory | Spotted B-75 Beast 15312 | -5/Factory | Destroyed B-75 Beast 15365 | -5/Factory | Zion Heavy squad teleported in 15512 | -5/Factory | Lost 4 parts (1p1n1u1w) 15587 | -5/Factory | Discovered new exit (range 6) 15595 | -5/Factory | Identified exit to Extension 15658 | -5/Factory | Entered Extension 15658 | -5/Extension | Accompanied by 2 allies 15786 | -5/Extension | Zion Heavy squad teleported in 16057 | -5/Extension | Rescued a captive Derelict 16069 | -5/Extension | Retrieved Zion intel report: Depthwide Sectors/-1 16071 | -5/Extension | Rescued a captive Derelict 16104 | -5/Extension | Rescued a captive Derelict 16105 | -5/Extension | Rescued a captive Derelict 16186 | -5/Extension | Found Prototype Protection 16186 | -5/Extension | Identified Zio. Weapon Casing 16349 | -5/Extension | Spotted B-75 Beast 16370 | -5/Extension | Spotted B-75 Beast 16383 | -5/Extension | Destroyed B-75 Beast 16400 | -5/Extension | Allies destroyed B-75 Beast 16435 | -5/Extension | Retrieved Zion intel report: Prototype Stockpiles 16436 | -5/Extension | Zion Light squad teleported in 16495 | -5/Extension | Zion Thermal Resupply teleported in 16516 | -5/Extension | Found Zio. Weapon Casing 16542 | -5/Extension | Rescued a captive Derelict 16543 | -5/Extension | Rescued a captive Derelict 16568 | -5/Extension | Rescued a captive Derelict 16569 | -5/Extension | Rescued a captive Derelict 16576 | -5/Extension | Rescued a captive Derelict 16576 | -5/Extension | Rescued a captive Derelict 16706 | -5/Extension | Found Zio. Weapon Casing 16726 | -5/Extension | Rescued A7 16782 | -5/Extension | Retrieved Zion intel report: Depthwide Sectors/0 16891 | -5/Extension | Rescued a captive Derelict 16922 | -5/Extension | Found Zio. Weapon Casing 17015 | -5/Extension | Discovered new exit (range 10) 17016 | -5/Extension | Discovered new exit (range 6) 17032 | -5/Extension | Identified exit to Cetus 17052 | -5/Extension | Entered Cetus 17052 | -5/Cetus | Accompanied by 16 allies (A7) 17057 | -5/Cetus | Acquired a Cetus Manufacturing Module code from A7 17068 | -5/Cetus | Spotted Cetus Guard 17074 | -5/Cetus | Spotted Cetus Guard 17077 | -5/Cetus | Allies destroyed Cetus Guard 17082 | -5/Cetus | Allies destroyed Cetus Guard 17089 | -5/Cetus | Spotted Cetus Guard 17094 | -5/Cetus | Allies destroyed Cetus Guard 17198 | -5/Cetus | Started Cetus Manufacturing Module 17223 | -5/Cetus | Manufactured an Enhanced Grunt 17248 | -5/Cetus | Manufactured an Enhanced Grunt 17273 | -5/Cetus | Manufactured an Enhanced Grunt 17298 | -5/Cetus | Manufactured an Enhanced Grunt 17323 | -5/Cetus | Manufactured an Enhanced Grunt 17382 | -5/Cetus | Discovered new exit (range 15) 17423 | -5/Cetus | Spotted Cetus Guard 17425 | -5/Cetus | Spotted Cetus Guard 17429 | -5/Cetus | Spotted Cetus Guard 17430 | -5/Cetus | Spotted Cetus Guard 17433 | -5/Cetus | Allies destroyed Cetus Guard 17437 | -5/Cetus | Allies destroyed Cetus Guard 17437 | -5/Cetus | Allies destroyed Cetus Guard 17441 | -5/Cetus | Allies destroyed Cetus Guard 17451 | -5/Cetus | Discovered new exit (range 15) 17465 | -5/Cetus | Scared off Revision 17 17528 | -5/Cetus | Identified exit to Archives 17563 | -5/Cetus | Entered Archives 17563 | -5/Archives | Accompanied by 12 allies (A7) 17704 | -5/Archives | Discovered new exit (range 15) 17739 | -5/Archives | Discovered new exit (range 16) 17757 | -5/Archives | Identified exit to Factory 17936 | -5/Archives | Entered Factory 17936 | -4/Factory | Accompanied by 3 allies 17936 | -4/Factory | Evolved 2 slots: Propulsion x1, Utility x1 17937 | -4/Factory | Identified exit to Armory 18014 | -4/Factory | Discovered new exit (range 7) 18031 | -4/Factory | Identified exit to Upper Caves 18138 | -4/Factory | Entered Upper Caves 18138 | -4/Upper Caves | Accompanied by 1 ally 18191 | -4/Upper Caves | Spotted B-86 Titan 18283 | -4/Upper Caves | Learned 8 Research zone layouts 18453 | -4/Upper Caves | Learned Research security intel 18518 | -4/Upper Caves | Learned Research stockpile data 18914 | -4/Upper Caves | Discovered new exit (range 3) 18918 | -4/Upper Caves | Identified exit to Upper Caves 18919 | -4/Upper Caves | Entered another Upper Caves area 19152 | -4/Upper Caves | Learned Research security intel 19337 | -4/Upper Caves | Discovered new exit (range 12) 19349 | -4/Upper Caves | Identified exit to Zhirov 19362 | -4/Upper Caves | Entered Zhirov 19362 | -4/Zhirov | Discovered new exit (range 3) 19383 | -4/Zhirov | Met Zhirov 19407 | -4/Zhirov | Learned location of Quarantine (-3) 19407 | -4/Zhirov | Learned location of Testing (-2) 19407 | -4/Zhirov | Learned location of Command (-1) 19417 | -4/Zhirov | Zhirov requested help retrieving the SGEMP Prototype 19435 | -4/Zhirov | Found Alien Artifact 19435 | -4/Zhirov | Identified Integrated Dissipator 19435 | -4/Zhirov | Installed Integrated Dissipator, increased core heat dissipation (+20) 19454 | -4/Zhirov | Found Alien Artifact 19562 | -4/Zhirov | Identified exit to Proximity Caves 19563 | -4/Zhirov | Entered Proximity Caves 19614 | -3/Proximity Caves | Spotted B-86 Titan 19897 | -3/Proximity Caves | Discovered new exit (range 5) 19901 | -3/Proximity Caves | Identified exit to Research 19906 | -3/Proximity Caves | Entered Research 19906 | -3/Research | Evolved 2 slots: Power x1, Utility x1 19907 | -3/Research | Identified exit to Research 20595 | -3/Research | Identified Transdimensional Reconstructor 20595 | -3/Research | Warped through subspace 20721 | -3/Research | Retrieved Zion intel report: Branch Access 20721 | -3/Research | Identified exit to Quarantine 20722 | -3/Research | Zion Hacker squad teleported in 20788 | -3/Research | Spotted B-90 Cyclops 20810 | -3/Research | Entered Quarantine 20953 | -3/Quarantine | Cryocooling Duct disabled 20968 | -3/Quarantine | Ambient heat levels rising (+20) 20968 | -3/Quarantine | Non-combat units ordered to evacuate 21209 | -3/Quarantine | Found Alien Impact Weapon 21228 | -3/Quarantine | Retrieved Zion intel report: Unaware Analyses 21240 | -3/Quarantine | Discovered exit to Research (range 15) 21259 | -3/Quarantine | Retrieved Zion intel report: Component Stockpiles 21323 | -3/Quarantine | Found Transdimensional Reconstructor 21327 | -3/Quarantine | Found Transdimensional Reconstructor 21530 | -3/Quarantine | Retrieved Zion intel report: Depthwide Sectors/0 21594 | -3/Quarantine | Found Alien Artifact 21686 | -3/Quarantine | Found Alien Artifact 21686 | -3/Quarantine | Identified Core Reset Matrix 21686 | -3/Quarantine | Identified Subatomic Replicator 21686 | -3/Quarantine | Identified Core Stripper 21686 | -3/Quarantine | Used Core Reset Matrix 21690 | -3/Quarantine | Detected hypermatrix surge 21690 | -3/Quarantine | Sensed 11 artifacts in vicinity 21775 | -3/Quarantine | Discovered exit to Research (range 15) 21796 | -3/Quarantine | Entered Research 21796 | -2/Research | Evolved 2 slots: Utility x2 21886 | -2/Research | Retrieved Zion intel report: Main Access 21886 | -2/Research | Identified exit to Access 21895 | -2/Research | Found Prototype Processor 21895 | -2/Research | Identified Exp. Core Analyzer 21965 | -2/Research | Retrieved Zion intel report: Emergency Access 22038 | -2/Research | Identified exit to DSF 22076 | -2/Research | Discovered new exit (range 15) 22094 | -2/Research | Identified exit to Testing 22104 | -2/Research | Entered Testing 22135 | -2/Testing | Found Prototype Leg 22135 | -2/Testing | Identified Myomer Exoskeleton 22525 | -2/Testing | Lost 4 parts (1u3w) 22611 | -2/Testing | Found Prototype Device 22612 | -2/Testing | Identified Exp. Force Field 22696 | -2/Testing | Found Prototype Device 22697 | -2/Testing | Identified AEGIS Remote Shield 22761 | -2/Testing | Spotted PX-JN1ITHIO9E 22834 | -2/Testing | Retrieved Zion intel report: Component Schematics 23051 | -2/Testing | Discovered exit to Access (range 15) 23103 | -2/Testing | Warped through subspace 23103 | -2/Testing | Spotted Striker 23103 | -2/Testing | Spotted Striker 23114 | -2/Testing | Destroyed Striker 23380 | -2/Testing | Terminal network hard line cut 23471 | -2/Testing | Scanned by Researcher 23495 | -2/Testing | Spotted Fortress 23499 | -2/Testing | Destroyed Fortress 23508 | -2/Testing | Found Prototype Protection 23508 | -2/Testing | Identified Centrium Heavy Armor Plating 23521 | -2/Testing | Found Prototype Reactor 23521 | -2/Testing | Identified Vortex Chain Reactor 23525 | -2/Testing | Found Vortex Chain Reactor 23532 | -2/Testing | Found Exp. Force Field 23544 | -2/Testing | Found Prototype Device 23659 | -2/Testing | Build established: Generator-Gunner 23661 | -2/Testing | Discovered new exit (range 5) 23666 | -2/Testing | Identified exit to Section 7 23668 | -2/Testing | Entered Section 7 23669 | -2/Section 7 | Sensed 23 artifacts in vicinity 23813 | -2/Section 7 | Found Integrated Reactor 23813 | -2/Section 7 | Installed Integrated Reactor, increased core energy generation (+10) 23868 | -2/Section 7 | Found Spacefold Activator 23951 | -2/Section 7 | Spotted S7 Guard 23963 | -2/Section 7 | Destroyed S7 Guard 23985 | -2/Section 7 | Found Core Membrane 23985 | -2/Section 7 | Installed Core Membrane, gained immunity to corruption 24152 | -2/Section 7 | Spotted Executioner 24156 | -2/Section 7 | Spotted Executioner 24161 | -2/Section 7 | Destroyed Executioner 24173 | -2/Section 7 | Destroyed Executioner 24198 | -2/Section 7 | Warped through subspace 24206 | -2/Section 7 | Spotted Alpha 7 24207 | -2/Section 7 | Spotted Alpha 7 24214 | -2/Section 7 | Garrison activated, responded to threat 24249 | -2/Section 7 | Spotted S7 Guard 24258 | -2/Section 7 | Found Core Physics Calibrator 24261 | -2/Section 7 | Scanned by Researcher 24268 | -2/Section 7 | Core integrity fell below 50% 24277 | -2/Section 7 | Identified Exp. EM Disruption Field 24326 | -2/Section 7 | Destroyed Alpha 7 24345 | -2/Section 7 | Destroyed Alpha 7 24349 | -2/Section 7 | Found Prototype Processor 24349 | -2/Section 7 | Identified Exp. Targeting Computer 24351 | -2/Section 7 | Lost 3 parts (1p2w) 24370 | -2/Section 7 | Found Prototype Energy Gun 24370 | -2/Section 7 | Identified Enh. Gamma Rifle 24494 | -2/Section 7 | Spotted Striker 24494 | -2/Section 7 | Spotted Striker 24554 | -2/Section 7 | Destroyed Striker 24609 | -2/Section 7 | Found Sigix Sheargun 24611 | -2/Section 7 | Found Sigix Sheargun 24626 | -2/Section 7 | Spotted Striker 24626 | -2/Section 7 | Spotted Striker 24677 | -2/Section 7 | Destroyed Striker 24689 | -2/Section 7 | Found Sigix Shearcannon 24862 | -2/Section 7 | Intercept squad dispatched 24885 | -2/Section 7 | Spotted Tracker 24885 | -2/Section 7 | Spotted Tracker 24886 | -2/Section 7 | Destroyed Tracker 24891 | -2/Section 7 | Destroyed Tracker 24913 | -2/Section 7 | Found Prototype Device 24918 | -2/Section 7 | Found Exp. Targeting Computer 24950 | -2/Section 7 | Spotted Combat Programmer 24950 | -2/Section 7 | Spotted Combat Programmer 24950 | -2/Section 7 | Destroyed Combat Programmer 24956 | -2/Section 7 | Destroyed Combat Programmer 25020 | -2/Section 7 | Terminal network hard line cut 25091 | -2/Section 7 | Spotted B-99 Colossus 25152 | -2/Section 7 | Found Integrated Reactor 25152 | -2/Section 7 | Installed Integrated Reactor, increased core energy generation (+10) 25156 | -2/Section 7 | Found Integrated Reactor 25156 | -2/Section 7 | Installed Integrated Reactor, increased core energy generation (+10) 25159 | -2/Section 7 | Found Integrated Reactor 25159 | -2/Section 7 | Installed Integrated Reactor, increased core energy generation (+10) 25168 | -2/Section 7 | First assault squad dispatched 25190 | -2/Section 7 | Incoming assault squad redirected 25262 | -2/Section 7 | Found LRC Matter Compressor 25262 | -2/Section 7 | Installed LRC Matter Compressor, increased matter storage capacity (+125) 25273 | -2/Section 7 | Found LRC Storage 25273 | -2/Section 7 | Installed LRC Storage, increased inventory capacity (+2) 25276 | -2/Section 7 | Found LRC Energy Well 25276 | -2/Section 7 | Installed LRC Energy Well, increased energy storage capacity (+250) 25363 | -2/Section 7 | Found Integrated Dissipator 25366 | -2/Section 7 | Installed Integrated Dissipator, increased core heat dissipation (+20) 25622 | -2/Section 7 | Intercept squad dispatched 25625 | -2/Section 7 | Spotted Tracker 25626 | -2/Section 7 | Spotted Tracker 25626 | -2/Section 7 | Spotted Tracker 25633 | -2/Section 7 | Destroyed Tracker 25636 | -2/Section 7 | Destroyed Tracker 25644 | -2/Section 7 | Destroyed Tracker 25658 | -2/Section 7 | Found Exp. Targeting Computer 25659 | -2/Section 7 | Spotted Combat Programmer 25660 | -2/Section 7 | Spotted Combat Programmer 25661 | -2/Section 7 | Spotted Combat Programmer 25665 | -2/Section 7 | Destroyed Combat Programmer 25671 | -2/Section 7 | Destroyed Combat Programmer 25676 | -2/Section 7 | Destroyed Combat Programmer 25698 | -2/Section 7 | Incoming assault squad redirected 25789 | -2/Section 7 | Spotted B-90 Cyclops 25801 | -2/Section 7 | Destroyed B-90 Cyclops 25812 | -2/Section 7 | Build established: Alien-Gunner 25817 | -2/Section 7 | Found Unknown Device 25966 | -2/Section 7 | Spotted B-90 Cyclops 26033 | -2/Section 7 | High security lockdown imminent 26113 | -2/Section 7 | High security lockdown engaged 26113 | -2/Section 7 | Discovered exit to Access (range 12) 26165 | -2/Section 7 | Entered Access 26165 | -1/Access | Evolved 2 slots: Utility x2 26165 | -1/Access | Identified Quantum Capacitor 26169 | -1/Access | Destroyed 8 combat bots 26171 | -1/Access | Used Subatomic Replicator to replicate Sigix Shearcannon 26190 | -1/Access | Zion Experimental squad teleported in 26310 | -1/Access | Zion Zionite Resupply teleported in 26315 | -1/Access | Found Prototype Protection 26318 | -1/Access | Found Prototype Protection 26460 | -1/Access | Build established: Alien-Skirmisher 26645 | -1/Access | Discovered new exit (range 11) 26649 | -1/Access | Retrieved Zion intel report: Unaware Analyses 26680 | -1/Access | Identified exit to Command 26708 | -1/Access | First assault squad dispatched 26732 | -1/Access | Incoming assault squad redirected 26755 | -1/Access | Found Prototype Protection 26761 | -1/Access | Found Prototype Protection 26761 | -1/Access | Identified Zio. Shade Armor (x2) 26771 | -1/Access | Identified Zio. Weapon Casing (x2) 26788 | -1/Access | Entered Command 26859 | -1/Command | Found Quantum Capacitor 27031 | -1/Command | Retrieved Zion intel report: Active Garrisons 27038 | -1/Command | First assault squad dispatched 27051 | -1/Command | Build established: Alien-Mutant 27053 | -1/Command | Incoming assault squad redirected 27058 | -1/Command | Incoming assault squad redirected 27157 | -1/Command | High security lockdown imminent 27237 | -1/Command | High security lockdown engaged 27347 | -1/Command | Destroyed 17 combat bots 27397 | -1/Command | Spotted Executioner 27398 | -1/Command | Destroyed Striker 27399 | -1/Command | Destroyed Executioner 27401 | -1/Command | Destroyed Investigator 27425 | -1/Command | Destroyed 17 combat bots 27581 | -1/Command | Spotted Striker 27595 | -1/Command | Destroyed 24 combat bots 27762 | -1/Command | Destroyed Investigator 27765 | -1/Command | Spotted Executioner 27766 | -1/Command | Destroyed Executioner 27791 | -1/Command | Destroyed 9 combat bots 27894 | -1/Command | Destroyed Executioner 27895 | -1/Command | Destroyed Executioner 27897 | -1/Command | Spotted Executioner 27897 | -1/Command | Destroyed Executioner 27898 | -1/Command | Destroyed Executioner 27899 | -1/Command | Destroyed Striker 27900 | -1/Command | Destroyed Striker 27906 | -1/Command | Destroyed Executioner 27907 | -1/Command | Destroyed Striker 27963 | -1/Command | Destroyed 24 combat bots 28008 | -1/Command | Spotted Striker 28010 | -1/Command | Destroyed Striker 28011 | -1/Command | Destroyed Executioner 28031 | -1/Command | Destroyed Executioner 28031 | -1/Command | Spotted Executioner 28031 | -1/Command | Spotted Striker 28033 | -1/Command | Spotted Executioner 28033 | -1/Command | Spotted Striker 28033 | -1/Command | Destroyed Executioner 28034 | -1/Command | Destroyed Striker 28034 | -1/Command | Destroyed Executioner 28047 | -1/Command | Destroyed Executioner 28061 | -1/Command | Destroyed Executioner 28061 | -1/Command | Spotted Striker 28061 | -1/Command | Spotted Executioner 28062 | -1/Command | Destroyed Striker 28063 | -1/Command | Destroyed Executioner 28084 | -1/Command | Destroyed 37 combat bots 28591 | -1/Command | Spotted Striker 28591 | -1/Command | Spotted Striker 28591 | -1/Command | Spotted Striker 28593 | -1/Command | Destroyed Striker 28594 | -1/Command | Destroyed Striker 28595 | -1/Command | Destroyed Striker 28619 | -1/Command | Destroyed 9 combat bots 28876 | -1/Command | Spotted M Guard 28876 | -1/Command | Spotted M Guard 28878 | -1/Command | Spotted Combat Programmer 28879 | -1/Command | Spotted Combat Programmer 28883 | -1/Command | Destroyed Combat Programmer 28885 | -1/Command | Destroyed Combat Programmer 28894 | -1/Command | Destroyed M Guard 28896 | -1/Command | Destroyed M Guard 28896 | -1/Command | All MAIN.C guards destroyed 28899 | -1/Command | Found Prototype Protection 28899 | -1/Command | Identified Hvy. Regenerative Plating 28918 | -1/Command | Found Prototype Reactor 28919 | -1/Command | Identified Zero-point Reactor 28935 | -1/Command | Identified Exp. Phase Shifter 28937 | -1/Command | Found Hvy. Regenerative Plating 28948 | -1/Command | Found Zero-point Reactor 28951 | -1/Command | Found AEGIS Remote Shield 28957 | -1/Command | Found Zero-point Reactor 28969 | -1/Command | Found AEGIS Remote Shield 28982 | -1/Command | Found Zero-point Reactor 28987 | -1/Command | Found Prototype Device 28987 | -1/Command | Identified Thermal Barrier 28998 | -1/Command | Found Prototype Energy Cannon 28998 | -1/Command | Identified Cld. Nova Cannon 29101 | -1/Command | Met MAIN.C 29107 | -1/Command | 0b10 Conduit disabled 29114 | -1/Command | Destroyed MAIN.C Shell 29115 | -1/Command | MAIN.C activated Command garrisons 29141 | -1/Command | Destroyed MAIN.C 29217 | -1/Command | Found Quantum Capacitor 29243 | -1/Command | Destroyed 13 combat bots 29252 | -1/Command | Spotted B-99 Colossus 29258 | -1/Command | Destroyed B-99 Colossus 29273 | -1/Command | Found Prototype Reactor 29273 | -1/Command | Identified Singularity Reactor 29355 | -1/Command | Destroyed 7 combat bots 29580 | -1/Command | Spotted B-99 Colossus 29587 | -1/Command | Destroyed B-99 Colossus 29666 | -1/Command | Spotted Alpha 7 29669 | -1/Command | Destroyed Alpha 7 29772 | -1/Command | Phase Generator disabled 30879 | -1/Command | Spotted B-99 Colossus 30887 | -1/Command | Destroyed B-99 Colossus 31016 | -1/Command | Found Vortex Chain Reactor 31021 | -1/Command | Found Prototype Device 31021 | -1/Command | Identified Beam Splitter 31027 | -1/Command | Found Prototype Device 31027 | -1/Command | Identified Exp. Hardlight Generator 31032 | -1/Command | Found Prototype Device 31032 | -1/Command | Identified System Purifier 31038 | -1/Command | Found Prototype Device 31038 | -1/Command | Identified Adv. Particle Accelerator 31044 | -1/Command | Found Vortex Chain Reactor 31399 | -1/Command | Spotted B-99 Colossus 31406 | -1/Command | Destroyed B-99 Colossus 31433 | -1/Command | Discovered new exit (range 8) 31602 | *** | Heading to fleet! Last Messages --------------- 31402_ Quantum Shear penetrates Wall. 31402_ Quantum Shear penetrates B-99 Colossus. 31402_ Slug penetrates Wall. 31402_ Penetrated by Slug. 31403_ Quantum Shear penetrates B-99 Colossus. 31403_ B-99 Colossus Unknown Ballistic Cannon severed. 31403_ Quantum Shear penetrates B-99 Colossus. 31404_ B-99 Colossus Prototype Ballistic Gun severed. 31404_ Quantum Shear penetrates B-99 Colossus. 31405_ Quantum Shear penetrates Wall. 31405_ Quantum Shear penetrates B-99 Colossus. 31405_ B-99 Colossus Prototype Ballistic Gun severed. 31405_ Quantum Shear penetrates B-99 Colossus. 31405_ B-99 Colossus Unknown Ballistic Cannon severed. 31406_ Quantum Shear penetrates B-99 Colossus. 31406_ B-99 Colossus destroyed. 31406_ Quantum Shear penetrates Wall. 31406_ Quantum Shear penetrates Earth. 31406_ Quantum Shear penetrates Wall. 31433_ EXIT=FOUND Map ----- +----------------------------------------------------+ | ?????????# ########?????#??"""" """" #?? | | ?????????### #????????????# """" """" #?? | | ??????????# ! === ###### ???# "" "" #?? | | ??????????# === T"???# #?? | | ??????????# == ""???# #?? | | ??????????# ########## ??# #?? | | ??????????# ##????????????? ??# #?? | | ??????????# ######????????????############+###?? | | ??????????# # #????????????# + #??? | | ??????????# # ############## # #??? | | ??????????# # # # + #??? | | ########### # # # %[!# #??? | | # # # # [=!# #??? | | # + # ?# =?# #??? | | # # # ??####"#"##?# ##?? | | " # ###### "" ????##"#??## "#?? | | "" # # """" ???? ???#" "#?? | | "" # + """" ?? ????#" ##?? | | " # # "" ?# ?????# #?? | | # !# #" ??????# #?? | | # %# "# ""# #?? | | =!= #=! # ## ""# =#?? | | =! "*! #""""########?# ""# ! #?? | | == "]%! " #######?????# T""# [##?? | | #####+""""=][ ###?# #?????# ""# %% #?? | | ### [ ""### @ #?????# """ ! #?? | | %= #?????# #" #?? | | #?????# " #=[[ #?? | | #####################?????# #"= #?? | | ##?????????????????????????# ""[[ #?? | | #?????????????##############[ ""[ #?? | | +?????????????# # [ "!=% #?? | | #?????????????# # "!!= #?? | | #?????????????# #####+#""=!% #?? | | #### #?????????????# + %= %* #?? | | ???# #?????????????# #### #?? | | ???# #????????###############+###??# #?? | | ???# #????????# # #???# #?? | | ??## ##???????# + #???####### #?? | | ??# #???????# # #????# # #?? | | ??# "" #???????# # #????# + #?? | | ??# T" #???????# "" # ###### # #?? | | ??# #######?# """" # # ??#%! #?? | | ??## ### #?# """" # #????#= #?? | | ???# #?# ### "" # #????# *!#?? | | ???# #?# + ###### ######*=%=#?? | | ???# #?# ### #???## "" ##[=%]##? | | ???# #?## ##?# #???# ##"""%=*=[## | | ???# #??# #??# #???#= %==![[*!= | | ???# #??# #??##########+#######! = =%[=%!= | +----------------------------------------------------+ Best States ------------- Heat Dissipation 220 Energy Generation 129 Energy Capacity 1350 Matter Stores 425 Matter Capacity 425 Sight Range 16 Robot Scan Range 18 Terrain Scan Range 20 Terrain Scan Density 210 Jamming Range 16 Cloak Strength 3 Armor Coverage 825 Resistance: KI 30 Resistance: TH 30 Resistance: EX 30 Resistance: EM 75 Resistance: I 30 Resistance: S 30 Resistance: P 30 Weapon Shielding 100 Weapon Cycling 15 Phase Shifting 20 Evasion (%) 65 Targeting Accuracy 28 Core Analysis 6 Armor Integrity Analysis 30 Particle Charging 50 Item Schematics ----------------- Imp. Target Analyzer | -2/Testing | Z-intel Adv. Cloaking Device | -2/Testing | Z-intel Adv. Thermal Shield | -2/Testing | Z-intel Enh. Nova Cannon | -2/Testing | Z-intel Field Propulsion Drive | -2/Testing | Z-intel Adv. Trap Extractor | -2/Testing | Z-intel Drone Bay | -2/Testing | Z-intel Adv. Force Booster | -2/Testing | Z-intel Adv. Drone Bay | -2/Testing | Z-intel Lrg. Storage Unit | -2/Testing | Z-intel Lrn. Proton Cannon | -2/Testing | Z-intel Quantum Rifle | -2/Testing | Z-intel Smartbomb Launcher | -2/Testing | Z-intel Imp. Particle Accelerator | -2/Section 7 | Archive Robot Schematics ------------------ None Fabricated ------------ Nothing Alien Tech Used ----------------- Integrated Dissipator Transdimensional Reconstructor Core Reset Matrix Core Stripper Integrated Reactor Core Membrane Spacefold Activator Sigix Sheargun Sigix Shearcannon LRC Matter Compressor LRC Storage LRC Energy Well Subatomic Replicator Achievements -------------- None Challenges ------------ None Game ------ Seed GravmagBombardmentJammer Manual? 0 Play Time 03:59:21 Cumulative 1400.4 hours Start 2022.02.06 @ 12:32:33 End 2022.02.06 @ 16:40:00 Sessions 1 Manual Loads 0 Difficulty Rogue Special Mode None Game No. 492 Rogue 492 Adventurer 0 Explorer 0 Win Type 2 Total 98 Types 22/12/39/5/1/2/15/1/1 Lore% 95 Gallery% 94 Achievement% 86 Wizard Run 0 Options --------- ASCII 0 Keyboard 0 Movement Numpad Keybinds 0 Fullscreen 1 Font 18/SmallcapsGlow Map View 76x50 Tactical HUD 1 Map Filters NONE Filters NONE Steam 1 RUN: 5272d784-1424-476b-a3c1-8fab3cdc16b5